 Dungeon Crawl Stone Soup version 0.21.0-22-g11d5b52 (webtiles) character file.

1619074 letownia2 the Middleweight Champion (level 27, -7/189 HPs)
             Began as a Vine Stalker Wizard on Jan 15, 2018.
             Was the Champion of Makhleb.
             Killed by divine providence
             ... invoked by a balrug
              (11 damage)
             ... on level 21 of a ziggurat on Jan 18, 2018.
             The game lasted 10:35:03 (131202 turns).

letownia2 the Middleweight Champion (VSWz)        Turns: 131202, Time: 10:35:04

Health: -7/189     AC: 54    Str: 21      XL:     27
Magic:  0/55       EV: 24    Int: 35 (36) God:    Makhleb [******]
Gold:   3508       SH: 22    Dex: 33      Spells: 9/80 levels left

rFire    + + +     SeeInvis .     - Unarmed
rCold    + + +     Gourm    .   Q - +2 shield of Resistance {rF+ rC+ MR+}
rNeg     + + +     Faith    .   J - +8 orange crystal plate armour {Archmagi, Int+3 Clar}
rPois    ∞         Spirit   +   q - -2 hat of the Alchemist {rElec rPois rF+ rC+ rN+ MR+ rMut rCorr}
rElec    +         Reflect  .   P - +2 cloak of Felewat {rN+ Int+5}
rCorr    +         Harm     .   S - +0 pair of gloves of Unambiguity {rElec Regen+ Int+5}
rMut     +         Clarity  +   C - +2 pair of boots of the Dropbear {rPois rC+ MR+ Dex+9}
MR       +++++                  e - amulet of Vitality {Regen+ HP+15}
Stlth    +.........             D - ring "Tiat" {MR+ Dex+5 Slay+6}
HPRegen  2.01/turn              T - +5 ring of slaying
MPRegen  0.34/turn

@: brilliant, lich-form, weakened, singing, deflect missiles
A: fangs 3, talons 1, thin skeletal structure 1, agile 1, fire resistance 1,
poison resistance, regeneration 2, shaggy fur 1, magic shield, antimagic bite,
no potion heal 3, rot immunity
}: 14/15 runes: decaying, slimy, silver, golden, iron, obsidian, icy, bone,
abyssal, demonic, magical, fiery, dark, gossamer
a: End Transformation, Minor Destruction, Lesser Servant of Makhleb, Major
Destruction, Greater Servant of Makhleb, Renounce Religion


You were on level 21 of a ziggurat.
You worshipped Makhleb.
Makhleb was exalted by your worship.
You were not hungry.
You were a lich.
You visited 18 branches of the dungeon, and saw 90 of its levels.
You visited Pandemonium 1 time, and saw 5 of its levels.
You visited the Abyss 6 times.
You visited 1 bazaar.
You visited 2 ziggurats (completing 1), and saw 48 of their levels.
You also visited: Bailey and Wizlab.

You collected 71490 gold pieces.
You spent 8788 gold pieces at shops.
You paid 59194 gold pieces to Gozag.

Inventory:

Hand Weapons
 b - a +0 spear of distortion
Armour
 g - the +2 helmet of the Storm King {rC+ Regen+}
   (You bought it in a shop on level 10 of the Dungeon)

   It protects you from cold.
   It increases your rate of regeneration.
 q - the -2 hat of the Alchemist (worn) {rElec rPois rF+ rC+ rN+ MR+ rMut rCorr}
   (You found it on level 3 of the Elven Halls)

   It protects you from fire.
   It protects you from cold.
   It insulates you from electricity.
   It protects you from poison.
   It protects you from negative energy.
   It affects your resistance to hostile enchantments.
   It protects you from acid and corrosion.
   It protects you from mutation.
 C - the +2 pair of boots of the Dropbear (worn) {rPois rC+ MR+ Dex+9}
   (You bought it in a shop on level 2 of the Lair of Beasts)

   It affects your dexterity (+9).
   It protects you from cold.
   It protects you from poison.
   It affects your resistance to hostile enchantments.
 J - the +8 orange crystal plate armour (worn) {Archmagi, Int+3 Clar}
   (You found it on level 25 of a ziggurat)

   It affects your intelligence (+3).
   It protects you against confusion.
 L - a +1 large shield of protection
 P - the +2 cloak of Felewat (worn) {rN+ Int+5}
   (You bought it in a shop on level 2 of the Lair of Beasts)

   It affects your intelligence (+5).
   It protects you from negative energy.
 Q - the +2 shield of Resistance (worn) {rF+ rC+ MR+}
   (You acquired it on level 3 of the Tomb of the Ancients)

   It protects you from fire.
   It protects you from cold.
   It affects your resistance to hostile enchantments.
 R - the +2 pair of boots of the Assassin {Detection Stab+ Stlth++}
   (You acquired it on level 8 of a ziggurat)

   It makes you much more stealthy.
 S - the +0 pair of gloves of Unambiguity (worn) {rElec Regen+ Int+5}
   (You bought it in a shop on level 2 of the Lair of Beasts)

   It affects your intelligence (+5).
   It insulates you from electricity.
   It increases your rate of regeneration.
Jewellery
 a - the ring "Pogeom" {+Inv AC+3 Str+4 Dex+2}
   (You found it on level 22 of a ziggurat)

   [ring of protection]

   It affects your AC (+3).
   It affects your strength (+4).
   It affects your dexterity (+2).
   It lets you turn invisible.
 e - the amulet of Vitality (around neck) {Regen+ HP+15}
   (You bought it in a shop on level 2 of the Lair of Beasts)

   [amulet of regeneration]

   It affects your health (+15).
   It increases your rate of regeneration.
 j - the ring of Phasing {EV+8}
   (You bought it in a shop on level 2 of the Orcish Mines)

   [ring of evasion]

   It affects your evasion (+8).
 s - the ring "Adghug" {rCorr rF+ Dex-2 Slay+2}
   (You found it on level 25 of a ziggurat)

   [ring of resist corrosion]

   It affects your dexterity (-2).
   It affects your accuracy and damage with ranged weapons and melee attacks
   (+2).
   It protects you from fire.
 w - the macabre finger necklace {rN+}
   (You bought it in a shop on level 1 of the Elven Halls)

   [amulet of nothing]

   It protects you from negative energy.
 D - the ring "Tiat" (left hand) {MR+ Dex+5 Slay+6}
   (You found it on level 19 of a ziggurat)

   [ring of dexterity]

   It affects your dexterity (+5).
   It affects your accuracy and damage with ranged weapons and melee attacks
   (+6).
   It affects your resistance to hostile enchantments.
 F - the ring "Xuinlenu" {Wiz -Tele rN+ MR+ SInv}
   (You found it on level 11 of a ziggurat)

   [ring of wizardry]

   It improves your spell success rate.
   It protects you from negative energy.
   It affects your resistance to hostile enchantments.
   It lets you see invisible.
   It prevents most forms of teleportation.
 T - a +5 ring of slaying (right hand)
 Y - the ring of Ethics {rElec rF+ Slay+3}
   (You found it on level 19 of a ziggurat)

   [ring of protection from fire]

   It affects your accuracy and damage with ranged weapons and melee attacks
   (+3).
   It protects you from fire.
   It insulates you from electricity.
 Z - the brooch of Shielding {Reflect SH+8}
   (You found it on level 19 of a ziggurat)

   [amulet of reflection]

   It shields you and reflects attacks.
   It affects your SH (+8).
Wands
 t - a wand of acid (28)
 y - a wand of clouds (9)
Scrolls
 c - 24 scrolls of fog
 i - 3 scrolls of identify
 n - 3 scrolls of magic mapping
 p - 43 scrolls of teleportation
 G - 6 scrolls of summoning
 H - 7 scrolls of torment
 I - 12 scrolls of remove curse
 K - 4 scrolls of enchant armour
 M - 3 scrolls of amnesia
 N - 11 scrolls of holy word
 O - 6 scrolls of immolation
 V - 10 scrolls of blinking
Potions
 h - 7 potions of might
 k - 30 potions of mutation
 m - 8 potions of brilliance
 o - 7 potions of haste
 r - 9 potions of agility
 u - 37 potions of curing
 v - 6 potions of berserk rage
 x - 9 potions of magic
 z - 4 potions of ambrosia
 A - 7 potions of invisibility
 B - 10 potions of lignification
 E - 8 potions of flight
 U - 4 potions of cancellation
Miscellaneous
 f - 23 phantom mirrors
 l - a +1 figurine of a ziggurat
Comestibles
 d - 39 rations


   Skills:
 O Level 27 Fighting
 O Level 27 Armour
 + Level 23.7 Dodging
 - Level 15.9 Stealth
 - Level 25.9 Shields
 O Level 27 Unarmed Combat
 O Level 27 Spellcasting
 - Level 4.7 Conjurations
 - Level 6.8 Hexes
 - Level 24.0 Charms
   Level 1.0 Summonings
 O Level 27 Necromancy
 - Level 6.1 Translocations
 - Level 25.0 Transmutations
 - Level 10.9 Fire Magic
 - Level 12.4 Air Magic
 - Level 8.0 Earth Magic
 - Level 2.0 Poison Magic
 - Level 13.7 Invocations
 - Level 12.3 Evocations


You had 9 spell levels left.
You knew the following spells:

 Your Spells              Type           Power        Failure   Level  Hunger
a - Magic Dart            Conj           ####         1%          1    N/A
b - Blink                 Tloc           N/A          1%          2    N/A
c - Lee's Rapid Deconstr  Erth           ########..   1%          5    N/A
d - Dispel Undead         Necr           ########     0%          5    N/A
e - Mephitic Cloud        Conj/Pois/Air  ########     1%          3    N/A
g - Regeneration          Chrm/Necr      #########.   0%          3    N/A
h - Ignite Poison         Fire/Tmut/Pois ########     1%          3    N/A
i - Silence               Hex/Air        ########..   1%          5    N/A
j - Death's Door          Chrm/Necr      #########.   1%          8    N/A
k - Blade Hands           Tmut           #########.   0%          5    N/A
l - Song of Slaying       Chrm           ########     0%          2    N/A
n - Necromutation         Tmut/Necr      #########.   1%          8    N/A
o - Ring of Flames        Chrm/Fire      ########..   1%          7    N/A
r - Deflect Missiles      Chrm/Air       ########..   1%          6    N/A
s - Swiftness             Chrm/Air       ########     0%          2    N/A
D - Darkness              Hex            ########..   4%          6    N/A

Dungeon Overview and Level Annotations

Branches:
Dungeon (15/15)            Temple (1/1) D:4            Lair (6/6) D:11
  Swamp (4/4) Lair:2       Spider (4/4) Lair:4        Slime (5/5) Lair:6
    Orc (2/2) D:10            Elf (3/3) Orc:2        Vaults (5/5) D:14
  Crypt (3/3) Vaults:3       Tomb (3/3) Crypt:3      Depths (5/5) D:15
   Hell (1/1)                 Dis (7/7) Hell            Geh (7/7) Hell
    Coc (7/7) Hell            Tar (7/7) Hell            Zot (5/5) Depths:5

Altars:
Ashenzari
Cheibriados
Elyvilon
Fedhas
Gozag
Hepliaklqana
Kikubaaqudgha
Makhleb
Nemelex Xobeh
Okawaru
Qazlal
Ru
Sif Muna
Trog
Uskayaw
Vehumet
Wu Jian
Xom
Yredelemnul
Zin
The Shining One
Beogh
Jiyva

Shops:
D:10 ([=   Orc:2 *([=   Elf:1 =   Elf:2 ?(   Elf:3 }=}[   Lair:2 (=[**[=[*[[=[
Vaults:3 !   Vaults:5 ?!   Hell *[[[!=**[   Depths:4 [

Portals:
Hell: Depths:1 Depths:2 Depths:3 Depths:4 Depths:5
Abyss: Depths:4
Pandemonium: Depths:3

Annotations:
D:6 MTVSty1e's ghost, novice MiGl
Elf:2 3 runed doors


Innate Abilities, Weirdness & Mutations

You have razor-sharp teeth.
You heal very quickly.
When hurt, damage is shared between your health and your magic reserves.
Your bite disrupts and absorbs the magic of your enemies.
Potions cannot restore your health.
You are immune to rotting.
You have sharp toenails.
You have a somewhat thin skeletal structure. (Dex +2, Stealth)
You are agile. (Dex +2)
Your flesh is heat resistant. (rF+)
Your system is resistant to poisons. (rPois)
You are covered in fur. (AC +1)


Message History

Something smites you!
* * * LOW HITPOINT WARNING * * *
You block the gelid corrupter's attack.
The large abomination completely misses you.
The hellion completely misses you. Godemoit hits you.
* * * LOW HITPOINT WARNING * * *
You feel your power leaking away.
The Ice Fiend claws you but does no damage.
The Ice Fiend completely misses you.
A daeva comes into view.
It is wielding a scimitar of holy wrath.
Unknown command.
Unknown command.
You hit the hellion but do no damage. Your bite misses the hellion.
The hellion is almost dead.
The balrug gestures at you. Something smites you!
* * * LOW HITPOINT WARNING * * *
The balrug gestures at you. Something smites you!
You die...

▓..........##.........
▓..........##.........#
▓.................2..2.
▓....................6A
▓................X6..62
▓..............2.22623.
▓∩............1211162.2
▓............3116622233
▓............43L&2661{2
▓.............21Xh2.26.
▓...............2222C..
▓..........##.........#
▓..........##.........#
▓▓▓▓▓▓▓▓▓▓▓............
............
▓............


You could see Godemoit, a daeva, 3 Tzitzimimeh, 3 Brimstone Fiends, 2 Ice
Fiends, 3 cacodemons, 2 demonspawn, a stone giant, 3 hell beasts, a lorocyproca
(invisible), 6 balrugs, 2 green deaths, 2 demonspawn, 2 demonspawn, 2 blizzard
demons, 3 demonspawn, a soul eater, a hell hog, a sun demon, 2 shadow demons, a
torturous demonspawn, 2 large abominations, a hellwing, 3 hellions, a neqoxec
and 2 ynoxinuls.

Vanquished Creatures
  Cerebov (Pan)
  Antaeus (Coc:7)
  Asmodeus (Geh:7)
  the Royal Jelly (Slime:5)
  Gloorx Vloq (Pan)
  Ereshkigal (Tar:7)
  the Serpent of Hell (Geh:7)
  The ghost of Miyamura the Hoplite, a legendary DsWn of Cheibriados (Zig:27)
  Lom Lobon (Pan)
  Dispater (Dis:7)
  Khufu (Crypt:2)
  6 orbs of fire
  Mennas (Tomb:2)
  13 ancient liches
  Mara (Spider:2)
  2 juggernauts (Depths:2)
  The ghost of 100P the Phalangite, a legendary DsFi of Makhleb (Zig:16)
  31 greater mummies
  Boris (twice) (Crypt:2 Vaults:5)
  Frederick (Crypt:3)
  the Lernaean hydra (Swamp:4)
  33 pandemonium lords
  21 Killer Klowns
  Margery (Crypt:3)
  21 shard shrikes
  12 caustic shrikes
  2 curse toes (Zot:3)
  12 golden dragons
  Geryon (Hell)
  Nikola (Vaults:3)
  36 bone dragons
  5 profane servitors
  A mutant beast (WizLab)
  Jory (Vaults:3)
  19 iron giants
  29 Brimstone Fiends
  59 Tzitzimimeh
  Jorgrun (Spider:2)
  4 hellephants
  19 doom hounds
  24 Hell Sentinels
  5 electric golems
  Rupert (Spider:1)
  21 tentacled monstrosities
  25 Orb Guardians (Zot:5)
  10 quicksilver dragons
  2 quicksilver dragons (shapeshifter)
  38 Ice Fiends
  5 deep elf blademasters
  Asterion (Vaults:3)
  28 ancient champions
  9 titans
  28 liches
  15 deep elf master archers
  19 sphinxes
  40 acid blobs
  4 eldritch tentacles
  4 tengu reavers (Vaults:5)
  10 death cobs
  4 thorn hunters
  40 tentacled starspawn
  20 Executioners
  29 shadow dragons
  Roxanne (Elf:3)
  28 nagarajas
  16 draconian monks
  Donald (Spider:4)
  8 revenants
  15 azure jellies
  20 storm dragons
  12 fire giants
  4 daevas
  29 ghost moths
  15 frost giants
  8 draconian knights
  An iron dragon (shapeshifter) (Zig:26)
  5 deep elf sorcerers
  13 draconian shifters
  17 vault wardens
  7 warmongers
  10 draconian scorchers
  2 orc warlords (Orc:1)
  17 cacodemons
  6 caustic shrike zombies
  46 balrugs
  3 angels
  7 deep elf elementalists
  17 iron dragons
  15 emperor scorpions
  Aizul (Swamp:4)
  9 draconian stormcallers
  3 juggernaut zombies
  9 curse skulls
  15 ironheart preservers
  11 ghouls
  111 reapers
  2 caustic shrike skeletons (Zig:18)
  12 war gargoyles
  2 spriggan defenders (Depths:3)
  13 draconian annihilators
  47 very ugly things
  6 blood saints
  A juggernaut skeleton (Zig:12)
  6 elemental wellsprings
  A stone giant (shapeshifter) (Zig:17)
  An ophan (Abyss:5)
  14 corrupters
  10 bennus
  33 stone giants
  17 vampire knights
  18 deep elf demonologists
  28 entropy weavers
  19 black draconians
  19 green draconians
  12 black suns
  24 red draconians
  16 yellow draconians
  20 purple draconians
  Azrael (Orc:1)
  21 deep elf annihilators
  18 white draconians
  14 lorocyprocas
  A spark wasp (shapeshifter) (Zig:19)
  12 spark wasps
  A dire elephant (shapeshifter) (Zig:17)
  13 merfolk javelineers
  45 blizzard demons
  17 eidola
  20 jiangshi
  8 death oozes
  15 ettins
  3 crystal guardians
  13 deep elf death magi
  44 mummy priests
  15 green deaths
  9 fire dragons
  27 yaktaur captains
  5 merfolk impalers
  10 quicksilver dragon zombies
  A kraken zombie (Coc:7)
  13 naga warriors
  27 great orbs of eyes
  43 vault guards
  15 deep elf high priests
  22 ice dragons
  2 monstrous demonspawn (Pan)
  33 hydras
  A hydra (shapeshifter) (Vaults:4)
  5 hell beasts
  20 rakshasas
  Erolcha (D:11)
  10 quicksilver dragon skeletons
  6 ghost crabs
  Harold (Lair:2)
  62 two-headed ogres
  7 spriggan air magi
  12 centaur warriors
  19 ogre magi
  2 juggernaut simulacra (Pan)
  12 alligators
  3 death knights
  11 merfolk aquamancers
  A queen ant (Spider:4)
  3 catoblepae
  6 death yaks (Lair:6)
  An alligator snapping turtle (Zig:20)
  A queen ant (shapeshifter) (Zig:26)
  5 anacondas
  14 deep troll shamans
  A death yak (shapeshifter) (Zig:26)
  17 vampire magi
  5 tengu warriors
  56 hell hogs
  9 deep troll earth magi
  6 spriggan berserkers
  32 death scarabs
  2 satyrs
  27 dancing weapons
  9 orc high priests
  18 titan zombies
  23 deep elf knights
  15 naga sharpshooters
  9 shock serpents
  62 wretched stars
  12 storm dragon zombies
  49 soul eaters
  95 thrashing horrors
  15 iron golems
  48 sun demons
  50 hell knights
  19 sixfirhies
  11 titan skeletons
  2 iron trolls (shapeshifter)
  A salamander mystic (Zig:20)
  4 storm dragon skeletons
  A spectral anaconda (Depths:4)
  207 skeletal warriors
  10 golden dragon zombies
  36 flayed ghosts
  17 iron trolls
  39 shadow wraiths
  24 anaconda zombies
  17 wizards
  4 ghost moth zombies
  A gelid demonspawn (Pan)
  17 glowing orange brains
  7 sea snakes (Zig:15)
  4 naga ritualists (Zig:20)
  25 spatial maelstroms
  17 swamp dragons
  A swamp dragon (shapeshifter) (Zig:26)
  3 spriggan druids
  A kraken simulacrum (Coc:4)
  An entropy weaver zombie (Crypt:2)
  36 shadow demons
  A lindwurm (shapeshifter) (Abyss:4)
  A tengu zombie (Zig:17)
  A spectral hydra (Depths:4)
  18 unseen horrors
  30 deep trolls
  336 starcursed masses
  Pikel (D:4)
  8 death drakes
  30 deep elf archers
  10 golden dragon skeletons
  11 anaconda skeletons
  2 infernal demonspawn (Pan)
  2 orange crystal statues (Depths:4)
  3 sphinx zombies (Zig:17)
  3 shambling mangroves
  10 shadow dragon zombies
  18 harpies
  3 obsidian statues
  22 ironbrand convokers
  2 harpies (shapeshifter)
  33 phantasmal warriors
  17 necromancers
  19 orc knights
  8 wolf spider zombies
  2 orb spiders (shapeshifter)
  35 orb spiders
  39 wolf spiders
  12 stone giant zombies
  11 orc sorcerers
  7 shadow dragon skeletons
  21 frost giant zombies
  6 oklob plants (Zig:13)
  14 fire giant zombies
  9 iron dragon zombies
  2 sphinx skeletons
  95 deep elf magi
  14 mana vipers
  15 shining eyes
  2 manticores
  14 iron dragon skeletons
  17 worldbinders
  13 cyclopes
  4 moths of wrath (shapeshifter)
  7 fauns
  30 moths of wrath
  A salamander (shapeshifter) (Zig:13)
  An elephant (shapeshifter) (Elf:1)
  19 vault sentinels
  A toenail golem (Abyss:5)
  9 stone giant skeletons
  11 frost giant skeletons
  62 ugly things
  9 dire elephant zombies
  14 fire giant skeletons
  5 merfolk sirens
  2 guardian serpents (shapeshifter) (WizLab)
  5 shock serpent zombies
  34 black mambas
  15 elephants
  5 water nymphs (Zig:15)
  11 eyes of devastation
  3 black mambas (shapeshifter)
  17 guardian serpents
  6 ice statues
  56 rust devils
  17 naga magi
  A torpor snail (shapeshifter) (Zig:17)
  18 spiny frogs
  13 torpor snails
  84 smoke demons
  A water nymph (shapeshifter) (Zig:17)
  15 molten gargoyles
  4 shock serpent skeletons
  24 apocalypse crabs
  19 orange demons
  3 spiny frogs (shapeshifter)
  A kobold demonologist (D:15)
  7 dire elephant skeletons
  12 gargoyles
  2 centaur skeletons
  A storm dragon simulacrum (Abyss:5)
  55 hellions
  A purple draconian zombie (Geh:7)
  3 catoblepas zombies
  13 komodo dragons
  4 emperor scorpion zombies
  9 rime drakes
  A rime drake (shapeshifter) (WizLab)
  39 yaktaurs
  35 demonic crawlers
  19 efreet
  71 freezing wraiths
  85 tormentors
  A grey draconian skeleton (Crypt:3)
  5 yaktaurs (shapeshifter)
  4 spriggan skeletons
  2 komodo dragons (shapeshifter)
  2 spectral merfolk (Depths:4)
  A golden dragon simulacrum (Depths:2)
  41 ice devils
  2 anaconda simulacra
  57 ancient zymes
  3 catoblepas skeletons
  73 guardian mummies
  2 minotaur zombies
  21 hellwings
  2 trolls (shapeshifter) (WizLab)
  8 trolls
  A jumping spider (shapeshifter) (WizLab)
  6 harpy zombies
  4 tengu conjurers
  A polar bear (Vaults:4)
  19 merfolk
  23 hydra zombies
  A meliai (shapeshifter) (Abyss:5)
  3 meliai (D:15)
  61 red devils
  4 silent spectres
  4 queen bees (shapeshifter)
  A wolf spider simulacrum (Coc:7)
  A minotaur skeleton (Crypt:1)
  9 tyrant leeches
  A wind drake (shapeshifter) (WizLab)
  A shadow dragon simulacrum (Coc:5)
  2 tengu simulacra
  A tyrant leech (shapeshifter) (WizLab)
  29 jumping spiders
  8 fire dragon zombies
  A raiju (shapeshifter) (Vaults:1)
  32 hornets
  2 frost giant simulacra
  13 hydra skeletons
  122 raiju
  136 slime creatures
  2 wind drakes (Zig:15)
  12 alligator zombies
  13 hippogriffs
  2 fire giant simulacra
  27 blink frogs
  16 bog bodies
  2 snapping turtles (Zig:15)
  8 ice dragon zombies
  A satyr zombie (Crypt:2)
  3 stone giant simulacra
  6 harpy skeletons
  70 redbacks
  6 spriggan zombies
  3 human simulacra
  3 black mamba zombies
  20 ettin zombies
  An alligator skeleton (Coc:7)
  262 flying skulls
  2 hippogriffs (shapeshifter)
  6 vampires
  13 air elementals
  4 ice dragon skeletons
  A shapeshifter (Vaults:4)
  A dire elephant simulacrum (Abyss:4)
  37 water elementals
  12 wyverns
  19 ettin skeletons
  185 large abominations
  53 wraiths
  8 fire dragon skeletons
  46 shadows
  26 tarantellas
  37 ynoxinuls
  14 spriggans
  39 fire elementals
  A fire bat (shapeshifter) (Depths:1)
  2 spriggans (shapeshifter)
  A tarantella (shapeshifter) (WizLab)
  33 golden eyes
  10 basilisks
  53 yaks
  2 basilisks (shapeshifter) (WizLab)
  8 fire bats
  A yak (shapeshifter) (Elf:1)
  2 humans (shapeshifter)
  A golden eye (shapeshifter) (Depths:3)
  A human (WizLab)
  11 hungry ghosts
  45 ushabtiu
  2 black mamba skeletons
  31 chaos spawn
  14 vampire mosquitoes
  54 neqoxecs
  An emperor scorpion simulacrum (Coc:1)
  2 merfolk zombies
  A steam dragon (D:10)
  A torturous demonspawn zombie (Dis:7)
  A harpy simulacrum (Abyss:5)
  10 nagas
  3 soldier ants (shapeshifter)
  29 spatial vortices
  24 swamp worms
  17 spiny frog zombies
  24 wargs
  15 insubstantial wisps
  An orb spider zombie (Crypt:2)
  9 porcupines
  119 hell hounds
  A water moccasin (shapeshifter) (Abyss:5)
  A torturous demonspawn skeleton (Crypt:2)
  8 floating eyes
  4 hydra simulacra
  3 spectral spriggans (Depths:4)
  87 small abominations
  10 soldier ants
  An acid dragon (D:12)
  A floating eye (shapeshifter) (Zig:17)
  15 water moccasins
  A merfolk skeleton (Coc:7)
  4 slaves
  3 ettin simulacra
  4 manticore zombies
  A swamp drake (shapeshifter) (Vaults:5)
  A faun skeleton (Crypt:3)
  15 snapping turtle zombies
  A black bear (shapeshifter) (WizLab)
  63 orc warriors
  19 swamp drakes
  5 alligator simulacra
  2 eyes of draining (shapeshifter)
  3 fire dragon simulacra
  9 spiny frog skeletons
  3 ice dragon simulacra
  13 ice beasts
  A lindwurm zombie (Crypt:2)
  51 necrophages
  53 ogres
  2 sky beasts
  4 swamp dragon zombies
  16 eyes of draining
  12 phantoms
  4 black bears
  10 boggarts
  25 wolves
  27 centaurs
  5 snapping turtle skeletons
  5 manticore skeletons
  4 swamp dragon skeletons
  A blink frog skeleton (Crypt:1)
  11 crocodiles
  Blork the orc (D:4)
  A big kobold (D:10)
  7 elf zombies
  2 bullfrogs (shapeshifter)
  13 bullfrogs
  25 earth elementals
  3 spiny frog simulacra
  A water moccasin zombie (D:12)
  2 elf skeletons
  2 wyvern zombies
  A komodo dragon skeleton (Crypt:2)
  A scorpion (shapeshifter) (Vaults:5)
  7 scorpions
  4 troll zombies
  A manticore simulacrum (Abyss:5)
  12 killer bees
  2 spectral nagas (Depths:4)
  102 wights
  A snapping turtle simulacrum (Coc:3)
  4 howler monkeys
  4 electric eels
  22 crimson imps
  6 spectral centaurs (Depths:4)
  4 bullfrog zombies
  A human zombie (Tar:1)
  5 quasits
  6 centaur zombies
  A gnoll shaman (D:7)
  51 iron imps
  29 orc wizards
  Crazy Yiuf (D:5)
  2 bullfrog skeletons
  9 hounds
  A jelly (D:6)
  29 orc priests
  6 iguanas
  Ijyb (D:5)
  A human skeleton (Geh:7)
  A porcupine zombie (Crypt:3)
  28 worker ants
  6 hell rats (Hell)
  Natasha (twice) (D:2)
  2 lightning spires
  A killer bee zombie (D:8)
  A troll simulacrum (Depths:4)
  An ogre zombie (Geh:7)
  A felid zombie (Crypt:1)
  A naga zombie (Geh:6)
  A crocodile skeleton (Crypt:1)
  3 tengu skeletons
  A naga skeleton (Coc:4)
  96 mummies
  Robin (D:4)
  5 gnolls (D:7)
  19 adders
  A scorpion zombie (Crypt:2)
  24 shadow imps
  A steam dragon skeleton (Crypt:1)
  28 white imps
  2 ufetubi (Abyss:4)
  An ooze (D:3)
  A worm zombie (Crypt:1)
  An adder skeleton (D:8)
  5 worms
  6 leopard geckos
  131 orcs
  A bat zombie (Crypt:1)
  14 giant cockroaches
  13 goblins
  5 hobgoblins
  6 jackals
  9 kobolds
  4 quokkas
  A ball python (D:8)
  5 bats
  4 frilled lizards
  A frilled lizard zombie (Crypt:3)
  A kobold skeleton (Dis:1)
  2 kobold zombies
  An orc skeleton (Abyss:5)
  An orc zombie (Crypt:2)
  A quokka skeleton (D:4)
  A quokka zombie (Crypt:3)
  4 rats
  4 briar patches
  A crawling corpse (Zig:19)
  2 fire vortices
  3 fungi
  4 lurking horrors
  A plant (Lair:1)
  34 starspawn tentacles
  4 tentacles
8647 creatures vanquished.

Vanquished Creatures (collateral kills)
  A deep troll (Depths:5)
  A guardian mummy (Tomb:2)
  2 tarantellas
4 creatures vanquished.

Vanquished Creatures (others)
  2 Tzitzimimeh
  3 eldritch tentacles
  A shadow dragon (Tar:3)
  A nagaraja (Zig:13)
  2 ghost moths
  An elemental wellspring (Coc:3)
  A lorocyproca (Zig:4)
  2 deep elf death magi
  2 blizzard demons
  An eidolon (Zig:19)
  A kraken zombie (Coc:7)
  A centaur warrior (Zig:16)
  25 dancing weapons
  A deep troll shaman (Depths:5)
  An ogre mage (Vaults:5)
  2 death scarabs (Tomb:3)
  2 soul eaters
  A sixfirhy (Zig:4)
  A deep elf knight (Zig:19)
  A shadow demon (Zig:18)
  An ironbrand convoker (Vaults:3)
  A shambling mangrove (Zig:7)
  A golden dragon skeleton (Geh:6)
  An anaconda skeleton (Geh:7)
  A wolf spider (Spider:3)
  A moth of wrath (Zot:5)
  A smoke demon (Pan)
  A gargoyle (Zig:25)
  A torpor snail (Zig:25)
  A guardian serpent (Zig:13)
  A yaktaur (Depths:2)
  2 hellions (Geh:6)
  A jumping spider (Spider:3)
  A tormentor (Coc:5)
  A tengu simulacrum (Zig:23)
  A shadow (Dis:2)
  An air elemental (Zig:15)
  6 flying skulls
  A wraith (Zig:17)
  6 water elementals
  A ynoxinul (Zig:18)
  An ettin skeleton (Geh:6)
  A spriggan (Depths:2)
  An elf zombie (Zig:17)
  2 tarantellas
  A golden eye (Abyss:5)
  A chaos spawn (Zig:24)
  4 large abominations
  A spiny frog zombie (Coc:3)
  3 hell hounds
  An ogre (Depths:1)
  A centaur (Depths:3)
  An earth elemental (Zig:25)
  A small abomination (Abyss:4)
  3 wights
  A human zombie (Tomb:2)
  An iron imp (Zig:17)
  8 ball lightnings (Pan)
  2 blocks of ice (Zig:18)
  7 briar patches
  A bush (Lair:4)
  10 fungi
  7 lurking horrors
  7 plants
  89 starspawn tentacles
  16 tentacles
255 creatures vanquished.

Grand Total: 8906 creatures vanquished

Notes
Turn   | Place    | Note
-------+----------+-------------------------------------------
     0 | D:1      | letownia2 the Vine Stalker Wizard began the quest for the Orb.
     0 | D:1      | Reached XP level 1. HP: 9/9 MP: 5/5
   161 | D:2      | Found a snail-covered altar of Cheibriados.
   244 | D:2      | Reached XP level 2. HP: 13/13 MP: 4/7
   325 | D:2      | Noticed Natasha
   665 | D:2      | Noticed a howler monkey
   672 | D:2      | Killed a howler monkey
   672 | D:2      | Reached XP level 3. HP: 13/16 MP: 5/8
   672 | D:2      | Gained mutation: Your natural rate of healing is unusually fast. [Vine Stalker growth]
   672 | D:2      | Reached XP level 4. HP: 17/21 MP: 5/9
   682 | D:2      | Learned a level 3 spell: Mephitic Cloud
   703 | D:2      | Learned a level 3 spell: Conjure Flame
   768 | D:3      | Found a faded altar of an unknown god.
   892 | D:3      | Reached XP level 5. HP: 24/24 MP: 10/10
   919 | D:3      | Learned a level 2 spell: Blink
   970 | D:4      | Found a burning altar of Makhleb.
  1007 | D:4      | Found a bloodstained altar of Trog.
  1020 | D:4      | Noticed a phantom
  1068 | D:4      | Killed a phantom
  1068 | D:4      | Reached skill level 1 in Fire Magic
  1068 | D:4      | Reached skill level 1 in Air Magic
  1068 | D:4      | Reached skill level 1 in Poison Magic
  1068 | D:4      | Reached XP level 6. HP: 20/28 MP: 0/11
  1104 | D:4      | Found a staircase to the Ecumenical Temple.
  1139 | Temple   | Entered the Ecumenical Temple
  1293 | Temple   | Became a worshipper of Gozag Ym Sagoz the Greedy
  1439 | D:4      | Noticed Robin
  1506 | D:4      | Killed Robin
  1639 | D:4      | Found a radiant altar of Vehumet.
  1708 | D:4      | Noticed Blork the orc
  1725 | D:4      | Killed Blork the orc
  1775 | D:4      | Reached skill level 1 in Armour
  1801 | D:4      | Noticed Pikel
  1801 | D:4      | Noticed a slave
  1810 | D:5      | Entered Level 5 of the Dungeon
  1831 | D:5      | Found a sacrificial altar of Ru.
  1840 | D:5      | Reached XP level 7. HP: 32/32 MP: 6/13
  2281 | D:5      | Found a runed door.
  2285 | D:5      | Noticed Crazy Yiuf
  2330 | D:5      | Killed Crazy Yiuf
  2330 | D:5      | Reached skill level 1 in Fighting
  2359 | D:5      | Noticed Ijyb
  2376 | D:5      | Killed Ijyb
  2473 | D:5      | Found a sparkling altar of Nemelex Xobeh.
  2517 | D:5      | Reached skill level 5 in Spellcasting
  2590 | D:4      | Gained mutation: You have razor-sharp teeth. [Vine Stalker growth]
  2590 | D:4      | Reached XP level 8. HP: 39/39 MP: 5/16
  3191 | D:2      | Killed Natasha
  3367 | D:2      | Noticed Natasha
  3489 | D:2      | You fall through a shaft for 2 floors!
  3592 | D:4      | Killed Pikel
  4011 | D:1      | You fall through a shaft!
  4050 | D:2      | Killed Natasha
  4388 | D:5      | Learned a level 2 spell: Call Imp
  4473 | D:6      | Reached XP level 9. HP: 45/45 MP: 7/21
  4487 | D:6      | Noticed MTVSty1e's ghost (novice MiGl)
  5891 | D:8      | Reached skill level 5 in Fighting
  6106 | D:8      | Noticed a two-headed ogre
  6113 | D:8      | Killed a two-headed ogre
  6113 | D:8      | Reached XP level 10. HP: 40/53 MP: 9/23
  6510 | D:8      | Reached skill level 1 in Unarmed Combat
  6910 | D:9      | Got an iridescent hunting sling
  6941 | D:9      | Identified the +1 hunting sling of Articulation {flame, MR+ Int+5} (You found it on level 9 of the Dungeon)
  7006 | D:9      | Found a deep blue altar of Sif Muna.
  7148 | D:9      | Reached XP level 11. HP: 55/59 MP: 19/25
  7350 | D:9      | Found a basalt altar of Yredelemnul.
  7351 | D:9      | Found a burning altar of Makhleb.
  7369 | D:9      | Learned a level 1 spell: Confusing Touch
  7371 | D:10     | Entered Level 10 of the Dungeon
  7466 | D:10     | Reached skill level 5 in Unarmed Combat
  7471 | D:10     | Reached skill level 1 in Hexes
  7584 | D:10     | Found Faeluq's Weapon Emporium.
  8218 | D:10     | Found a staircase to the Orcish Mines.
  8611 | D:10     | Bought a translucent helmet for 228 gold pieces
  8621 | D:10     | Identified the +2 helmet of Broken Taboos {+Inv rElec Str-2} (You bought it in a shop on level 10 of the Dungeon)
  8621 | D:10     | Bought a blackened helmet for 228 gold pieces
  8631 | D:10     | Identified the +2 helmet of the Storm King {rC+ Regen+} (You bought it in a shop on level 10 of the Dungeon)
  8739 | D:11     | Noticed Erolcha
  8758 | D:11     | Killed Erolcha
  9008 | D:11     | Noticed a six-headed hydra
  9025 | D:11     | Killed a six-headed hydra
  9080 | D:11     | Found a staircase to the Lair.
  9593 | Orc:1    | Entered Level 1 of the Orcish Mines
  9593 | Orc:1    | Noticed an orc high priest
  9597 | Orc:1    | Noticed a sun demon
  9619 | D:10     | Killed an orc high priest
  9682 | Orc:1    | Reached skill level 10 in Unarmed Combat
  9793 | Orc:1    | Gained mutation: You heal very quickly. [Vine Stalker growth]
  9793 | Orc:1    | Reached XP level 12. HP: 48/64 MP: 12/26
 10229 | Orc:1    | Noticed an orc warlord
 10404 | Orc:1    | Killed an orc warlord
 10715 | Lair:1   | Entered Level 1 of the Lair of Beasts
 10747 | Lair:1   | Noticed a four-headed hydra
 10789 | Lair:1   | Killed a four-headed hydra
 12251 | Lair:2   | Noticed Harold
 12280 | Lair:2   | Killed Harold
 12357 | Lair:2   | Reached XP level 13. HP: 63/68 MP: 24/27
 12767 | Lair:2   | Learned a level 2 spell: Song of Slaying
 12770 | Lair:2   | Learned a level 2 spell: Shroud of Golubria
 12774 | Lair:2   | Learned a level 3 spell: Spectral Weapon
 12778 | Lair:2   | Learned a level 3 spell: Regeneration
 12941 | Orc:2    | Entered Level 2 of the Orcish Mines
 13063 | Orc:1    | Reached skill level 1 in Charms
 13063 | Orc:1    | Reached skill level 1 in Necromancy
 13090 | Orc:2    | Noticed Azrael
 13359 | Orc:1    | Killed Azrael
 14293 | Orc:2    | Found Omozouwu's Jewellery Emporium.
 14342 | Orc:2    | Noticed an orc warlord
 14411 | Orc:1    | Killed an orc warlord
 14599 | Orc:1    | Reached skill level 15 in Unarmed Combat
 14748 | Orc:2    | Found Meiclian's Antique Armour Shoppe.
 14858 | Orc:2    | Found Xariunn's Antique Weapon Emporium.
 14906 | Orc:2    | Reached skill level 5 in Armour
 14975 | Orc:2    | Found a staircase to the Elven Halls.
 15075 | Orc:2    | Found Meuvoubi's General Store.
 15481 | Orc:2    | Reached XP level 14. HP: 72/74 MP: 15/28
 15761 | Orc:2    | Found a roughly hewn altar of Beogh.
 15973 | D:9      | Got a polished leather armour
 15984 | D:9      | Identified the +4 leather armour of the Valley of Death {rPois Regen+ Str-3 SInv} (You found it on level 9 of the Dungeon)
 16130 | Lair:3   | Reached skill level 10 in Spellcasting
 17453 | Lair:4   | Found a hole to the Spider Nest.
 17602 | Lair:4   | Found a snail-covered altar of Cheibriados.
 18060 | Lair:5   | Reached skill level 10 in Fighting
 18112 | Lair:5   | Learned a level 3 spell: Portal Projectile
 18116 | Lair:5   | Learned a level 3 spell: Inner Flame
 18484 | Lair:5   | Reached skill level 5 in Translocations
 18544 | Lair:5   | Found the +7 lajatang of Order {silver, rMut}
 18824 | Lair:6   | Entered Level 6 of the Lair of Beasts
 18825 | Lair:6   | Found a staircase to the Slime Pits.
 18985 | Lair:6   | Reached XP level 15. HP: 72/80 MP: 30/30
 20663 | D:12     | Found a flagged portal.
 20701 | D:12     | Learned a level 2 spell: Poisonous Vapours
 20758 | Bailey   | Entered a bailey
 22532 | D:13     | Reached XP level 16. HP: 87/87 MP: 31/31
 22730 | D:13     | Got a slimy tin ring
 22732 | D:13     | Identified the ring "Lefaw" {rElec rF+ rC+ Dex+5} (You found it on level 13 of the Dungeon)
 24051 | D:14     | Found a gate to the Vaults.
 24620 | Lair:2   | Identified 2 scrolls of acquirement {BAILEY}
 24706 | Spider:1 | Entered Level 1 of the Spider Nest
 25042 | Spider:1 | Noticed Rupert
 25075 | Spider:1 | Paralysed by Rupert for 7 turns
 25083 | Spider:1 | Killed Rupert
 25716 | Spider:2 | Noticed Jorgrun
 25775 | Spider:2 | Killed Jorgrun
 26296 | Spider:3 | Noticed Mara
 26438 | Spider:3 | Noticed letownia2's illusion
 26517 | Spider:3 | Reached XP level 17. HP: 69/94 MP: 33/33
 26829 | Spider:3 | Noticed letownia2's illusion
 26897 | Spider:2 | Killed Mara
 27232 | Spider:4 | Entered Level 4 of the Spider Nest
 28345 | Spider:3 | HP: 4/95 [emperor scorpion (1)]
 28624 | Spider:4 | Noticed Donald
 28753 | Spider:3 | Reached skill level 5 in Air Magic
 29243 | Spider:4 | Killed Donald
 29655 | Spider:4 | Got a gossamer rune of Zot
 30168 | Elf:1    | Entered Level 1 of the Elven Halls
 30348 | Elf:1    | Reached XP level 18. HP: 100/100 MP: 34/34
 30488 | Elf:1    | Found Derrae's Jewellery Shop.
 30492 | Elf:1    | Bought the macabre finger necklace {rN+} for 600 gold pieces
 30492 | Elf:1    | Found the macabre finger necklace {rN+}
 31234 | Elf:2    | Found Putugg's Antique Weapon Shoppe.
 31239 | Elf:2    | Found Abudiat's Magic Scroll Emporium.
 32401 | Elf:2    | Found a runed gate.
 32407 | Elf:2    | Found a runed gate.
 32410 | Elf:2    | Found a runed gate.
 32521 | Elf:2    | Reached XP level 19. HP: 104/104 MP: 35/35
 32576 | Elf:3    | Entered Level 3 of the Elven Halls
 32583 | Elf:3    | Found Hirghanu's Armour Shoppe.
 32864 | Elf:3    | Reached skill level 5 in Shields
 33173 | Elf:3    | Found Qeofyam's Gadget Emporium.
 33173 | Elf:3    | Found Vanagua's Jewellery Shop.
 33174 | Elf:3    | Found Luibecw's Gadget Emporium.
 33260 | Elf:3    | Noticed Roxanne
 33279 | Elf:3    | Killed Roxanne
 33280 | Elf:3    | Identified Roxanne's Compendium of Moulding (You took it off Roxanne on level 3 of the Elven Halls)
 33681 | Elf:3    | Reached XP level 20. HP: 101/109 MP: 36/36
 33750 | Elf:3    | Reached skill level 5 in Dodging
 34566 | Elf:3    | Found the -2 hat of the Alchemist {rElec rPois rF+ rC+ rN+ MR+ rMut rCorr}
 34622 | Elf:3    | Identified Further Progress in Theurgy
 34657 | Elf:3    | Got a warped granite ring
 34659 | Elf:3    | Identified the ring of Contentment {rN++ Str+5 Int+3 Dex-3} (You found it on level 3 of the Elven Halls)
 35018 | Lair:2   | Bought a pair of bloodstained gloves for 247 gold pieces
 35028 | Lair:2   | Identified the +0 pair of gloves of Unambiguity {rElec Regen+ Int+5} (You bought it in a shop on level 2 of the Lair of Beasts)
 36644 | D:15     | Entered Level 15 of the Dungeon
 37033 | D:15     | Got a bloodstained scale mail
 37044 | D:15     | Identified the +5 scale mail of the Bruised Souls {rElec rC+} (You found it on level 15 of the Dungeon)
 37188 | D:15     | Found a staircase to the Depths.
 37417 | Vaults:1 | Entered Level 1 of the Vaults
 37517 | Vaults:1 | Learned a level 3 spell: Ignite Poison
 37528 | Vaults:1 | Found a flickering gateway to a bazaar.
 37689 | Vaults:1 | Reached skill level 10 in Armour
 38103 | Bazaar   | Entered a bazaar
 38103 | Bazaar   | Found Qixiurha's Weapon Shoppe.
 38103 | Bazaar   | Found Vaumn's Antique Armour Shoppe.
 38103 | Bazaar   | Found Pogack's Magic Scroll Emporium.
 38103 | Bazaar   | Found Qobriq's Distillery.
 38103 | Bazaar   | Found Vuynucro's Weapon Shoppe.
 38343 | Vaults:1 | Reached XP level 21. HP: 109/115 MP: 37/37
 39892 | Vaults:2 | Got a faintly glowing arbalest
 39893 | Vaults:2 | Identified the +2 arbalest of Defenestration {venom, -Tele rElec rC+++ Dex+4} (You found it on level 2 of the Vaults)
 40840 | Lair:2   | Bought a ration for 55 gold pieces
 40840 | Lair:2   | Bought a ration for 55 gold pieces
 40840 | Lair:2   | Bought a ration for 55 gold pieces
 40840 | Lair:2   | Bought a ration for 55 gold pieces
 40840 | Lair:2   | Bought a ration for 55 gold pieces
 40861 | Lair:2   | Found a staircase to the Swamp.
 40905 | Swamp:1  | Entered Level 1 of the Swamp
 41428 | Swamp:1  | Got a clouded bronze amulet
 41429 | Swamp:1  | Identified the amulet "Mosamn" {+Rage rElec Int+3} (You found it on level 1 of the Swamp)
 41805 | Swamp:2  | Reached skill level 5 in Charms
 43123 | Swamp:4  | Entered Level 4 of the Swamp
 43124 | Swamp:4  | Noticed Aizul
 43147 | Swamp:4  | Killed Aizul
 43221 | Swamp:4  | Reached XP level 22. HP: 92/121 MP: 38/38
 43861 | Swamp:4  | Noticed the 27-headed Lernaean hydra
 43875 | Swamp:4  | Killed the 27-headed Lernaean hydra
 43892 | Swamp:4  | Reached skill level 15 in Fighting
 43985 | Swamp:4  | Got a decaying rune of Zot
 44745 | Vaults:3 | Found Siubuo's Distillery.
 44920 | Vaults:3 | You fall through a shaft!
 45825 | Vaults:3 | Noticed Jory
 45899 | Vaults:3 | Noticed Nikola
 45913 | Vaults:3 | Killed Nikola
 46283 | Vaults:4 | Reached XP level 23. HP: 123/128 MP: 39/39
 46494 | Vaults:3 | Noticed Asterion
 46509 | Vaults:3 | Killed Asterion
 46866 | Vaults:3 | Found a staircase to the Crypt.
 46959 | Vaults:3 | Killed Jory
 47155 | Crypt:1  | Entered Level 1 of the Crypt
 48322 | Crypt:2  | Noticed Khufu
 48957 | Crypt:2  | Noticed Boris
 49201 | Depths:1 | Entered Level 1 of the Depths
 49282 | D:15     | Reached skill level 10 in Shields
 49456 | Depths:1 | Found a magical portal.
 49465 | WizLab   | Entered Cigotuvi's Fleshworks
 49866 | WizLab   | Paralysed by a floating eye for 3 turns
 49885 | WizLab   | Paralysed by a floating eye for 2 turns
 49924 | WizLab   | Got a heavily runed bone amulet
 50052 | WizLab   | Identified the Reference Book on Transmutation
 50059 | WizLab   | Identified Sif Muna's Papyrus of Changing
 50067 | WizLab   | Learned a level 5 spell: Blade Hands
 50070 | WizLab   | Identified Cigotuvi's Grimoire of Unholy Changing
 50071 | WizLab   | Identified the amulet "Qamopyo" {Spirit MR+ Int-2 Slay+2} (You found it in a wizard's laboratory)
 50719 | Depths:1 | Reached XP level 24. HP: 70/133 MP: 39/39
 51087 | Depths:1 | Found a gateway to Hell.
 51551 | Depths:1 | Learned a level 2 spell: Swiftness
 51670 | Hell     | Entered the Vestibule of Hell
 51670 | Hell     | Noticed Geryon
 51914 | Lair:2   | Bought a pair of pitted boots for 389 gold pieces
 51924 | Lair:2   | Identified the +2 pair of boots of the Dropbear {rPois rC+ MR+ Dex+9} (You bought it in a shop on level 2 of the Lair of Beasts)
 52320 | Crypt:2  | Killed Boris
 52443 | Crypt:2  | Killed Khufu
 52529 | Crypt:2  | Reached skill level 15 in Shields
 53097 | Crypt:3  | Entered Level 3 of the Crypt
 53097 | Crypt:3  | Noticed Frederick
 53112 | Crypt:3  | Killed Frederick
 53230 | Crypt:3  | Found a staircase to the Tomb.
 53491 | Crypt:3  | Noticed an ancient lich
 53501 | Crypt:3  | Killed an ancient lich
 53506 | Crypt:3  | Reached XP level 25. HP: 122/137 MP: 39/39
 53591 | Crypt:3  | Noticed Margery
 53598 | Crypt:3  | Killed Margery
 53784 | Crypt:3  | Found an ancient bone altar of Kikubaaqudgha.
 53803 | Crypt:3  | Noticed a greater mummy
 53819 | Crypt:3  | Killed a greater mummy
 54974 | Vaults:5 | Entered Level 5 of the Vaults
 55821 | Vaults:5 | Noticed an ancient lich
 55853 | Vaults:5 | Killed an ancient lich
 55958 | Vaults:5 | Identified the Disquisition on Earthen Beguiling
 55983 | Vaults:5 | Got a shimmering buckler
 56009 | Vaults:5 | Identified the +0 buckler of the Gravedigger {MP+9 Int+4 Stlth+} (You found it on level 5 of the Vaults)
 56039 | Vaults:5 | Reached XP level 26. HP: 140/142 MP: 41/41
 56085 | Vaults:5 | Reached skill level 5 in Necromancy
 56110 | Vaults:5 | Noticed an ancient lich
 56124 | Vaults:5 | Killed an ancient lich
 56244 | Vaults:5 | Noticed an ancient lich
 56258 | Vaults:5 | Killed an ancient lich
 56566 | Vaults:5 | Found Disaeti's Magic Scroll Emporium.
 56582 | Vaults:5 | Reached skill level 1 in Transmutations
 56605 | Vaults:5 | Got a silver rune of Zot
 56682 | Vaults:5 | Found Usiown's Food Shop.
 56682 | Vaults:5 | Found Parcheps's Distillery.
 56709 | Vaults:5 | Noticed Boris
 56719 | Vaults:5 | Killed Boris
 56778 | Vaults:5 | Identified the Catalogue of Illusion and the Birds
 57752 | Depths:2 | Reached skill level 5 in Transmutations
 58441 | Depths:2 | Paralysed by a floating eye for 2 turns
 58448 | Depths:2 | Paralysed by a floating eye for 4 turns
 58458 | Depths:2 | Paralysed by a floating eye for 4 turns
 58509 | Depths:2 | Noticed a juggernaut
 58518 | Depths:2 | Killed a juggernaut
 58548 | Depths:2 | Reached XP level 27. HP: 138/147 MP: 42/42
 58654 | Depths:2 | Noticed a juggernaut
 58668 | Depths:2 | Killed a juggernaut
 58668 | Depths:2 | Reached skill level 10 in Dodging
 58766 | Depths:2 | Got a serpentine silver ring
 58841 | Depths:2 | Reached skill level 10 in Transmutations
 59051 | Depths:2 | Identified the ring "Foih" {rC+ Str+2 Int+4} (You found it on level 2 of the Depths)
 59111 | Depths:2 | Identified the ring "Anetu" {+Fly rPois Int+3} (You took it off a fire giant on level 2 of the Depths)
 59317 | Depths:2 | Reached skill level 15 in Spellcasting
 59514 | Hell     | Killed Geryon
 59698 | Hell     | Found a gateway to the ashen valley of Gehenna.
 59857 | Hell     | Found a gateway to the freezing wastes of Cocytus.
 59967 | Hell     | Found a gateway to the decaying netherworld of Tartarus.
 60041 | Hell     | Found a gateway to the Iron City of Dis.
 60217 | Depths:3 | Found a transporter.
 60424 | Depths:3 | Found a gateway to a ziggurat.
 60625 | Depths:3 | Found a one-way gate leading to the halls of Pandemonium.
 60691 | Depths:3 | Found a transporter.
 61218 | Depths:3 | Reached skill level 15 in Armour
 62142 | Depths:4 | Paralysed by a floating eye for 3 turns
 62157 | Depths:4 | Found a one-way gate to the infinite horrors of the Abyss.
 62981 | Hell     | Learned a level 7 spell: Dragon Form
 63035 | Depths:5 | Entered Level 5 of the Depths
 63307 | Depths:5 | Got a fine bone ring
 63372 | Depths:5 | Identified the ring "Hideat" {+Blink Str+2 Stlth+} (You found it on level 5 of the Depths)
 63821 | Depths:5 | Found a gate to the Realm of Zot.
 64177 | Hell     | Got a pair of twisted boots
 64188 | Hell     | Identified the -7 pair of boots of a ziggurat {+Blink +Inv Regen+ Dex+3} (You acquired it in the Vestibule of Hell)
 64303 | Hell     | Got a shimmering shield
 64314 | Hell     | Identified the -6 shield "Amu Qomi" {rPois rN++ Slay+3} (You acquired it in the Vestibule of Hell)
 64495 | Zot:1    | Entered Level 1 of the Realm of Zot
 65162 | Zot:2    | Noticed an orb of fire
 65176 | Zot:1    | Killed an orb of fire
 67517 | Zot:5    | Entered Level 5 of the Realm of Zot
 67524 | Zot:5    | Reached skill level 10 in Necromancy
 67554 | Zot:5    | Noticed an orb of fire
 67579 | Zot:5    | Killed an orb of fire
 67717 | Zot:5    | Noticed an ancient lich
 67733 | Zot:5    | Noticed an orb of fire
 67774 | Zot:5    | Killed an orb of fire
 67779 | Zot:5    | Killed an ancient lich
 68102 | Hell     | Got a pair of translucent boots
 68103 | Hell     | Identified the +0 pair of boots "Paojioga" {*Contam rN++ MP+9 Slay+2} (You acquired it in the Vestibule of Hell)
 68112 | Hell     | Got a brightly glowing helmet
 68112 | Hell     | Got a pair of blackened boots
 68113 | Hell     | Identified the +0 helmet of Integrity {rPois Str-3 Dex+4} (You acquired it in the Vestibule of Hell)
 68116 | Hell     | Identified the -4 pair of boots of the Game Afoot {rN++ Dex-3} (You acquired it in the Vestibule of Hell)
 68446 | Slime:1  | Entered Level 1 of the Pits of Slime
 68897 | Slime:5  | Entered Level 5 of the Pits of Slime
 69668 | Slime:5  | Found a viscous altar of Jiyva.
 69671 | Slime:5  | Noticed the Royal Jelly
 69767 | Slime:5  | Killed the Royal Jelly
 69806 | Slime:5  | Got a slimy rune of Zot
 69808 | Slime:5  | Got a brightly glowing shield
 69836 | Slime:5  | Got a pair of steaming boots
 69890 | Slime:5  | Identified the Volume of Ensnaring Conjuration
 70092 | Slime:5  | Identified the +0 pair of boots of the Loofah {Str+4 Dex-2 SInv} (You found it on level 5 of the Pits of Slime)
 70093 | Slime:5  | Identified the cursed +0 shield of the Ant {rF+ MR++} (You found it on level 5 of the Pits of Slime)
 70175 | Lair:6   | Gained mutation: Your mind is acute. (Int +2) [potion of mutation]
 70175 | Lair:6   | Gained mutation: Your spells are a little harder to cast, but a little more powerful. [potion of mutation]
 70176 | Lair:6   | Lost mutation: Your mind is acute. (Int +2) [potion of mutation]
 70176 | Lair:6   | Lost mutation: Your spells are a little harder to cast, but a little more powerful. [potion of mutation]
 70176 | Lair:6   | Gained mutation: You are weak. (Str -2) [potion of mutation]
 70176 | Lair:6   | Gained mutation: Your mind is acute. (Int +2) [potion of mutation]
 70176 | Lair:6   | Gained mutation: You are resistant to hostile enchantments. (MR+) [potion of mutation]
 70177 | Lair:6   | Lost mutation: You are resistant to hostile enchantments. (MR+) [potion of mutation]
 70177 | Lair:6   | Lost mutation: Your mind is acute. (Int +2) [potion of mutation]
 70177 | Lair:6   | Gained mutation: You are resistant to hostile enchantments. (MR+) [potion of mutation]
 70177 | Lair:6   | Gained mutation: You are frail. (-10% HP) [potion of mutation]
 70177 | Lair:6   | Lost mutation: You are frail. (-10% HP) [potion of mutation]
 70178 | Lair:6   | Lost mutation: You are weak. (Str -2) [potion of mutation]
 70178 | Lair:6   | Lost mutation: You are resistant to hostile enchantments. (MR+) [potion of mutation]
 70178 | Lair:6   | Gained mutation: You passively map a small area around you. [potion of mutation]
 70178 | Lair:6   | Gained mutation: You passively map the area around you. [potion of mutation]
 70178 | Lair:6   | Gained mutation: You are covered in fur. (AC +1) [potion of mutation]
 70179 | Lair:6   | Lost mutation: You passively map the area around you. [potion of mutation]
 70179 | Lair:6   | Lost mutation: You passively map a small area around you. [potion of mutation]
 70179 | Lair:6   | Gained mutation: You are partially covered in slimy green scales. (AC +2) [potion of mutation]
 70179 | Lair:6   | Gained mutation: You have sharp toenails. [potion of mutation]
 70179 | Lair:6   | Gained mutation: You are robust. (+10% HP) [potion of mutation]
 70179 | Lair:6   | Gained mutation: You have razor-sharp toenails. [potion of mutation]
 70526 | Tar:1    | Entered Level 1 of Tartarus
 70974 | Vaults:5 | Bought 2 potions of berserk rage for 120 gold pieces
 73418 | Tar:7    | Entered Level 7 of Tartarus
 73745 | Crypt:1  | Learned a level 6 spell: Statue Form
 76041 | Tar:7    | Reached skill level 1 in Evocations
 76253 | Tar:7    | Got a smoking platinum ring
 76308 | Tar:7    | Identified the ring of Liberty {rPois Dex+4} (You found it on level 7 of Tartarus)
 76317 | Tar:7    | Learned a level 5 spell: Silence
 76546 | Coc:1    | Entered Level 1 of Cocytus
 76805 | Coc:2    | Reached skill level 5 in Hexes
 77293 | Depths:2 | Learned a level 6 spell: Deflect Missiles
 77493 | Hell     | Bought a polished cloak for 361 gold pieces
 77503 | Hell     | Identified the +0 cloak "Xoask" {*Slow rPois rF- Int+9} (You bought it in a shop in the Vestibule of Hell)
 77701 | Lair:2   | Bought a ration for 55 gold pieces
 77701 | Lair:2   | Bought a ration for 55 gold pieces
 77701 | Lair:2   | Bought a ration for 55 gold pieces
 77701 | Lair:2   | Bought a ration for 55 gold pieces
 77701 | Lair:2   | Bought a ration for 55 gold pieces
 77701 | Lair:2   | Bought a ration for 55 gold pieces
 77987 | Tomb:1   | Entered Level 1 of the Tomb of the Ancients
 78150 | Tomb:1   | Reached skill level 10 in Air Magic
 78510 | Tomb:1   | Noticed a greater mummy
 78523 | Tomb:1   | Killed a greater mummy
 78626 | Tomb:1   | Noticed a greater mummy
 78645 | Tomb:1   | Killed a greater mummy
 78795 | Tomb:1   | Reached skill level 10 in Charms
 78873 | Tomb:1   | Noticed a greater mummy
 78889 | Tomb:1   | Killed a greater mummy
 79065 | Tomb:2   | Noticed a greater mummy
 79078 | Tomb:2   | Noticed a greater mummy
 79078 | Tomb:2   | Killed a greater mummy
 79090 | Tomb:2   | Killed a greater mummy
 79111 | Tomb:2   | Noticed a greater mummy
 79187 | Tomb:2   | Killed a greater mummy
 79221 | Tomb:2   | Noticed a greater mummy
 79231 | Tomb:2   | Killed a greater mummy
 79407 | Tomb:2   | Noticed Mennas
 79420 | Tomb:2   | Killed Mennas
 79693 | Tomb:1   | Noticed a greater mummy
 79707 | Tomb:1   | Killed a greater mummy
 79738 | Tomb:1   | Noticed a greater mummy
 79759 | Tomb:1   | Noticed a greater mummy
 79764 | Tomb:1   | Noticed a greater mummy
 79767 | Tomb:1   | Killed a greater mummy
 79768 | Tomb:1   | Noticed a greater mummy
 79774 | Tomb:1   | Killed a greater mummy
 79781 | Tomb:1   | Killed a greater mummy
 79788 | Tomb:1   | Killed a greater mummy
 79863 | Tomb:1   | Noticed a greater mummy
 79881 | Tomb:1   | Killed a greater mummy
 79882 | Tomb:1   | Noticed a greater mummy
 79897 | Tomb:1   | Killed a greater mummy
 79950 | Tomb:1   | Noticed a greater mummy
 79961 | Tomb:1   | Killed a greater mummy
 79970 | Tomb:1   | Noticed a greater mummy
 79982 | Tomb:1   | Killed a greater mummy
 80016 | Tomb:1   | Noticed a greater mummy
 80018 | Tomb:1   | Noticed a greater mummy
 80024 | Tomb:1   | Killed a greater mummy
 80035 | Tomb:1   | Killed a greater mummy
 80110 | Tomb:1   | Noticed a greater mummy
 80129 | Tomb:1   | Killed a greater mummy
 83267 | Coc:7    | Entered Level 7 of Cocytus
 83354 | Coc:7    | Reached skill level 15 in Necromancy
 83670 | Vaults:5 | Bought a ration for 55 gold pieces
 83670 | Vaults:5 | Bought a ration for 55 gold pieces
 83670 | Vaults:5 | Bought a ration for 55 gold pieces
 83670 | Vaults:5 | Bought a ration for 55 gold pieces
 83670 | Vaults:5 | Bought a ration for 55 gold pieces
 83670 | Vaults:5 | Bought a ration for 55 gold pieces
 83670 | Vaults:5 | Bought a ration for 55 gold pieces
 83670 | Vaults:5 | Bought a ration for 55 gold pieces
 83670 | Vaults:5 | Bought a ration for 55 gold pieces
 83670 | Vaults:5 | Bought a ration for 55 gold pieces
 83670 | Vaults:5 | Bought a ration for 55 gold pieces
 83670 | Vaults:5 | Bought a ration for 55 gold pieces
 83670 | Vaults:5 | Bought a ration for 55 gold pieces
 83670 | Vaults:5 | Bought a ration for 55 gold pieces
 83670 | Vaults:5 | Bought a ration for 55 gold pieces
 85065 | Coc:7    | Reached skill level 27 in Unarmed Combat
 85347 | Coc:7    | Noticed Antaeus
 85387 | Coc:7    | Killed Antaeus
 85511 | Coc:7    | Got an icy rune of Zot
 85602 | Coc:7    | Found the ring of the Mage {Wiz MR++ Int+3}
 85603 | Coc:7    | Identified the Reference Book on Excruciating Ignition
 86170 | Hell     | Learned a level 8 spell: Necromutation
 86734 | Lair:2   | Learned a level 8 spell: Death's Door
 87408 | Tomb:3   | Entered Level 3 of the Tomb of the Ancients
 87691 | Tomb:3   | Noticed a greater mummy
 87691 | Tomb:3   | Noticed an ancient lich
 87691 | Tomb:3   | Noticed a greater mummy
 87698 | Tomb:3   | Noticed a greater mummy
 87709 | Tomb:3   | Killed a greater mummy
 87710 | Tomb:3   | Noticed a greater mummy
 87712 | Tomb:3   | Noticed a greater mummy
 87714 | Tomb:3   | Noticed a greater mummy
 87733 | Tomb:3   | Killed a greater mummy
 87821 | Tomb:3   | Killed a greater mummy
 87867 | Tomb:3   | Killed an ancient lich
 87887 | Tomb:2   | Killed a greater mummy
 87976 | Tomb:3   | Noticed an ancient lich
 87997 | Tomb:3   | Killed an ancient lich
 88009 | Tomb:3   | Killed a greater mummy
 88021 | Tomb:3   | Killed a greater mummy
 88037 | Tomb:3   | Found the +4 arc blade {discharge, rElec}
 88044 | Tomb:3   | Reached skill level 15 in Transmutations
 88186 | Tomb:3   | Found the cursed necklace of Bloodlust {*Rage +Rage MR++ Int-3 Slay+6 *Curse}
 88231 | Tomb:3   | Identified the Volume of Icy Transmutation
 88552 | Tomb:3   | Found the +2 shield of Resistance {rF+ rC+ MR+}
 88644 | Tomb:3   | Got a golden rune of Zot
 89368 | Dis:1    | Entered Level 1 of the Iron City of Dis
 89962 | Dis:1    | Found a huge runed gate.
 89962 | Dis:1    | Found a huge runed gate.
 89962 | Dis:1    | Found a huge runed gate.
 90016 | Dis:1    | Found a huge runed gate.
 90017 | Dis:1    | Found a huge runed gate.
 90017 | Dis:1    | Found a huge runed gate.
 90018 | Dis:1    | Found a huge runed gate.
 90019 | Dis:1    | Found a huge runed gate.
 90019 | Dis:1    | Found a huge runed gate.
 90019 | Dis:1    | Found a huge runed gate.
 91313 | Dis:7    | Entered Level 7 of the Iron City of Dis
 92084 | Dis:7    | Identified the Volume of Frigorific Good Luck
 93476 | Dis:7    | Noticed Dispater
 93499 | Dis:7    | Killed Dispater
 93513 | Dis:7    | Got an iron rune of Zot
 93758 | Geh:1    | Entered Level 1 of Gehenna
 94242 | Geh:4    | Reached skill level 15 in Charms
 95065 | Geh:6    | Gained mutation: You are clumsy. (Dex -2) [mutagenic glow]
 95266 | Geh:7    | Entered Level 7 of Gehenna
 96162 | Geh:7    | Noticed the Serpent of Hell
 96174 | Geh:7    | Killed the Serpent of Hell
 96743 | Geh:7    | Found the +6 arbalest "Damnation" {damnation}
 96760 | Geh:7    | Got a heavily runed pewter ring
 96763 | Geh:7    | Identified the ring of Wehiuz {-Tele +Fly rN++ Str+4} (You found it on level 7 of Gehenna)
 96990 | Geh:7    | Noticed Asmodeus
 97181 | Geh:7    | Killed Asmodeus
 97206 | Geh:7    | Identified Xyexkuz's Almanac of Toxic Translocation
 97219 | Geh:7    | Learned a level 5 spell: Dispel Undead
 97222 | Geh:7    | Found the ring of Shadows {Umbra +Inv Stlth+}
 97291 | Geh:7    | Got an obsidian rune of Zot
 97780 | Zot:5    | Noticed an orb of fire
 97786 | Zot:5    | Noticed an orb of fire
 97787 | Zot:5    | Killed an orb of fire
 97792 | Zot:5    | Killed an orb of fire
 97943 | Zot:5    | Noticed an ancient lich
 97949 | Zot:5    | Killed an ancient lich
 97979 | Zot:5    | Noticed an orb of fire
 97997 | Zot:5    | Killed an orb of fire
 98225 | Zot:5    | Noticed an ancient lich
 98240 | Zot:5    | Killed an ancient lich
 98936 | Depths:4 | Voluntarily entered the Abyss.
 99972 | Depths:4 | Escaped the Abyss
100246 | Lair:2   | Bought the amulet of Vitality {Regen+ HP+15} for 1580 gold pieces
100246 | Lair:2   | Found the amulet of Vitality {Regen+ HP+15}
101180 | Pan      | Entered Pandemonium
101195 | Pan      | Noticed Gety the pandemonium lord
101244 | Pan      | Killed Gety the pandemonium lord
102091 | Pan      | Noticed Lanwap the pandemonium lord
102110 | Pan      | Killed Lanwap the pandemonium lord
102153 | Pan      | Got a demonic rune of Zot
102156 | Pan      | Got a transparent helmet
102169 | Pan      | Identified the cursed +0 helmet of the Pink Corner {rElec MR- Int+4} (You found it in Pandemonium)
102884 | Pan      | Entered the realm of Gloorx Vloq.
102884 | Pan      | Noticed Gloorx Vloq
103844 | Pan      | Killed Gloorx Vloq
103966 | Pan      | Got a dark rune of Zot
104054 | Pan      | Entered the realm of Cerebov.
104973 | Pan      | Identified the Catalogue of the Dusty Escort
105000 | Pan      | Noticed Cerebov
105009 | Pan      | Identified the amulet of Voefairasu {RegenMP rPois Str-2 Dex+6} (You found it in Pandemonium)
105185 | Pan      | Killed Cerebov
105277 | Pan      | Got a fiery rune of Zot
105339 | Pan      | Entered the realm of Lom Lobon.
105449 | Pan      | Found an exit through the horrors of the Abyss.
106135 | Pan      | Noticed Lom Lobon
106161 | Pan      | Got a magical rune of Zot
106178 | Pan      | Killed Lom Lobon
106328 | Depths:3 | Escaped Pandemonium
106530 | Depths:2 | Learned a level 5 spell: Lee's Rapid Deconstruction
107203 | Tar:2    | Reached skill level 1 in Earth Magic
107413 | Tar:3    | Reached skill level 5 in Earth Magic
108626 | Tar:7    | Noticed Ereshkigal
108656 | Tar:7    | Killed Ereshkigal
108804 | Tar:7    | Got a bone rune of Zot
109839 | Lair:2   | Bought the ring of Peehek {rCorr rN+ MR+ Dex+2 Stlth-} for 792 gold pieces
110029 | Hell     | Bought a scorched ivory amulet for 210 gold pieces
110029 | Hell     | Identified the amulet of Guschoh Heor {rN+ Regen+} (You bought it in a shop in the Vestibule of Hell)
110034 | Hell     | Bought a runed large shield for 285 gold pieces
110049 | Hell     | Learned a level 8 spell: Controlled Blink
110239 | Lair:2   | Bought the +2 cloak of Felewat {rN+ Int+5} for 398 gold pieces
111433 | Slime:3  | Reached skill level 27 in Fighting
111978 | Dis:2    | Cast into level 3 of the Abyss (reaper)
112299 | Abyss:3  | Got an abyssal rune of Zot
112386 | Dis:2    | Escaped the Abyss
112782 | Hell     | Fell from the grace of Gozag
112972 | D:9      | Became a worshipper of Makhleb the Destroyer
113245 | Depths:4 | Voluntarily entered the Abyss.
113356 | Abyss:1  | Found a bloodstained altar of Trog.
113374 | Abyss:1  | Found a corrupted altar of Lugonu.
113391 | Abyss:1  | Found a corrupted altar of Lugonu.
113795 | Abyss:3  | Reached * piety under Makhleb
114040 | Abyss:4  | Reached ** piety under Makhleb
114161 | Abyss:5  | Entered Level 5 of the Abyss
114195 | Abyss:5  | Paralysed by accursed screaming for 1 turns
114259 | Abyss:5  | Paralysed by accursed screaming for 1 turns
114297 | Abyss:5  | Reached *** piety under Makhleb
114465 | Abyss:5  | Reached **** piety under Makhleb
114621 | Abyss:5  | Reached ***** piety under Makhleb
114742 | Depths:4 | Escaped the Abyss
115522 | Tar:1    | Reached skill level 27 in Spellcasting
115561 | Tar:1    | Reached ****** piety under Makhleb
116718 | Orc:2    | Bought the ring of Phasing {EV+8} for 1920 gold pieces
116718 | Orc:2    | Found the ring of Phasing {EV+8}
117128 | Zig:1    | Entered Level 1 of a ziggurat
117153 | Zig:2    | Entered Level 2 of a ziggurat
117162 | Zig:2    | Reached skill level 5 in Evocations
117177 | Zig:3    | Entered Level 3 of a ziggurat
117197 | Zig:3    | Reached skill level 1 in Invocations
117211 | Zig:4    | Entered Level 4 of a ziggurat
117214 | Zig:4    | Noticed Pasosini the pandemonium lord
117222 | Zig:4    | Killed Pasosini the pandemonium lord
117253 | Zig:5    | Entered Level 5 of a ziggurat
117258 | Zig:5    | Noticed Akacofej the pandemonium lord
117289 | Zig:5    | Killed Akacofej the pandemonium lord
117312 | Zig:6    | Entered Level 6 of a ziggurat
117323 | Zig:6    | Reached skill level 5 in Stealth
117356 | Zig:6    | Got a scorched granite ring
117364 | Zig:6    | Identified the +1 pair of boots of the Blizzard {rF+ rN+} (You found it on level 6 of a ziggurat)
117365 | Zig:6    | Identified the ring "Mayreu" {rCorr Dex+5} (You found it on level 6 of a ziggurat)
117370 | Zig:7    | Entered Level 7 of a ziggurat
117434 | Zig:7    | Got an ancient zirconium amulet
117443 | Zig:7    | Identified the amulet "Kitul" {Harm *Drain Fragile rC+ rN+ MR+++} (You found it on level 7 of a ziggurat)
117447 | Zig:8    | Entered Level 8 of a ziggurat
117547 | Zig:8    | Reached skill level 5 in Invocations
117551 | Zig:8    | Found the +2 pair of boots of the Assassin {Detection Stab+ Stlth++}
117579 | Zig:8    | Learned a level 6 spell: Darkness
117585 | Zig:9    | Entered Level 9 of a ziggurat
117594 | Zig:9    | Noticed a greater mummy
117595 | Zig:9    | Noticed a greater mummy
117618 | Zig:9    | Killed a greater mummy
117630 | Zig:9    | Killed a greater mummy
117692 | Zig:9    | Identified the ring "Utoggera" {rC+ rN+ MP+9} (You found it on level 9 of a ziggurat)
117695 | Zig:10   | Entered Level 10 of a ziggurat
117767 | Zig:10   | Reached skill level 10 in Stealth
117770 | Zig:10   | Identified the Guide on Dislocation
117783 | Zig:11   | Entered Level 11 of a ziggurat
117876 | Zig:11   | Found the +3 hat of Pondering {ponderous, MR+ MP+10 Int+5}
117884 | Zig:11   | Identified the ring "Xuinlenu" {Wiz -Tele rN+ MR+ SInv} (You found it on level 11 of a ziggurat)
117931 | Zig:12   | Entered Level 12 of a ziggurat
118019 | Zig:12   | Was forgiven by Gozag
118035 | Zig:12   | Found the +7 longbow "Piercer" {penet, EV-2}
118036 | Zig:12   | Found the +2 Maxwell's thermic engine {flame, freeze, rF- rC-}
118096 | Zig:13   | Entered Level 13 of a ziggurat
118238 | Zig:13   | Reached skill level 10 in Evocations
118321 | Zig:14   | Entered Level 14 of a ziggurat
118358 | Zig:14   | Reached skill level 10 in Invocations
118420 | Zig:14   | Identified the Guide on Aid
118439 | Zig:14   | Identified the Papyrus of the Unstable Snowflakes
118481 | Zig:15   | Entered Level 15 of a ziggurat
118591 | Zig:16   | Entered Level 16 of a ziggurat
118611 | Zig:16   | Noticed 100P's ghost (legendary DsFi)
118662 | Zig:16   | Killed 100P's ghost
118728 | Zig:16   | Found the +8 autumn katana {slice, Clar}
118737 | Zig:16   | Identified Kozaibreata's Disquisition on Shifting Damage Dealing
118738 | Zig:16   | Identified the Collected Works on Evil
118739 | Zig:16   | Identified Neetex's Intricacies of Theurgy
118748 | Zig:16   | Identified the Disquisition on the Shifting Traveller
118760 | Zig:17   | Entered Level 17 of a ziggurat
118769 | Zig:17   | Noticed Loxackol the pandemonium lord
118770 | Zig:17   | Noticed Liwneonu the pandemonium lord
118773 | Zig:17   | Noticed Xeklam the pandemonium lord
118775 | Zig:17   | Noticed Wufu the pandemonium lord
118776 | Zig:17   | Noticed Hipuaffe the pandemonium lord
118777 | Zig:17   | Noticed Oczoyritz the pandemonium lord
118778 | Zig:17   | Noticed Pailibai the pandemonium lord
118780 | Zig:17   | Noticed Hiejy the pandemonium lord
118788 | Zig:17   | Noticed Jaehet the pandemonium lord
118789 | Zig:17   | Found the +3 robe of Folly {Archmagi, MR-- Int+5}
118789 | Zig:17   | Noticed Zoro the pandemonium lord
118804 | Zig:17   | Killed Zoro the pandemonium lord
118811 | Zig:17   | Killed Jaehet the pandemonium lord
118815 | Zig:17   | Killed Wufu the pandemonium lord
118817 | Zig:17   | Killed Liwneonu the pandemonium lord
118831 | Zig:17   | Killed Xeklam the pandemonium lord
118846 | Zig:17   | Killed Oczoyritz the pandemonium lord
118846 | Zig:17   | Reached skill level 15 in Stealth
118859 | Zig:17   | Killed Pailibai the pandemonium lord
118870 | Zig:17   | Killed Hipuaffe the pandemonium lord
118876 | Zig:17   | Killed Loxackol the pandemonium lord
118893 | Zig:17   | Killed Hiejy the pandemonium lord
119016 | Zig:18   | Entered Level 18 of a ziggurat
119093 | Zig:18   | Reached skill level 15 in Dodging
119199 | Zig:19   | Entered Level 19 of a ziggurat
119217 | Zig:19   | Noticed an ancient lich
119221 | Zig:19   | Noticed an ancient lich
119240 | Zig:19   | Noticed an ancient lich
119253 | Zig:19   | Killed an ancient lich
119264 | Zig:19   | Killed an ancient lich
119274 | Zig:19   | Killed an ancient lich
119417 | Zig:19   | Found the brooch of Shielding {Reflect SH+8}
119417 | Zig:19   | Found the +10 large shield of Ignorance {rN+ Int-4}
119421 | Zig:19   | Identified The Grimoire of Greatest Risks and Utility
119436 | Zig:19   | Got a brightly glowing marble ring
119464 | Zig:19   | Identified the ring of Ethics {rElec rF+ Slay+3} (You found it on level 19 of a ziggurat)
119465 | Zig:19   | Identified the ring "Tiat" {MR+ Dex+5 Slay+6} (You found it on level 19 of a ziggurat)
119480 | Zig:20   | Entered Level 20 of a ziggurat
119663 | Zig:20   | Found the +4 Vampire's Tooth {vamp}
119769 | Zig:20   | Found the +9 sword of Zonguldrok {reap}
119780 | Zig:20   | Identified the ring "Uvomamm" {rPois rF+ rC+ Dex+2} (You found it on level 20 of a ziggurat)
119794 | Zig:20   | Identified Nang's Almanac of Enthralling Conjuration
119800 | Zig:21   | Entered Level 21 of a ziggurat
119980 | Zig:22   | Entered Level 22 of a ziggurat
120066 | Zig:22   | Identified the ring "Pogeom" {+Inv AC+3 Str+4 Dex+2} (You found it on level 22 of a ziggurat)
120075 | Zig:22   | Identified the cursed +0 shield "Ciwuerai" {rC- Str+5} (You found it on level 22 of a ziggurat)
120084 | Zig:22   | Identified the +2 storm dragon scales of Bedevilment {+Fly rElec rF+ Int+3} (You found it on level 22 of a ziggurat)
120100 | Zig:23   | Entered Level 23 of a ziggurat
120179 | Zig:23   | Paralysed by accursed screaming for 2 turns
120242 | Zig:23   | Paralysed by accursed screaming for 2 turns
120259 | Zig:23   | Paralysed by accursed screaming for 2 turns
120286 | Zig:23   | Paralysed by accursed screaming for 1 turns
120296 | Zig:23   | Paralysed by accursed screaming for 1 turns
120390 | Zig:23   | Identified the Incunabulum of Damage Dealing and Envenoming
120420 | Zig:23   | Identified the cursed +3 hand axe of Feagoh {chop, rF- Str+5 SInv} (You found it on level 23 of a ziggurat)
120425 | Zig:23   | Identified the +7 dagger of Risk Management {drain, Int+4 Dex+3} (You found it on level 23 of a ziggurat)
120435 | Zig:24   | Entered Level 24 of a ziggurat
120461 | Zig:24   | Gained mutation: You are dopey. (Int -2) [a cacodemon]
120468 | Zig:24   | Noticed Zumobb the pandemonium lord
120558 | Zig:24   | Killed Zumobb the pandemonium lord
120619 | Zig:24   | Lost intelligence.
120661 | Zig:24   | Lost mutation: You are robust. (+10% HP) [a cacodemon]
120701 | Zig:24   | Reached skill level 27 in Necromancy
120714 | Zig:24   | Lost intelligence.
120770 | Zig:24   | Cast into level 3 of the Abyss (reaper)
121058 | Abyss:4  | Lost intelligence.
121064 | Abyss:4  | Lost mutation: You have razor-sharp toenails. [potion of mutation]
121064 | Abyss:4  | Lost mutation: You are dopey. (Int -2) [potion of mutation]
121064 | Abyss:4  | Gained mutation: You possess an exceptional clarity of mind. [potion of mutation]
121064 | Abyss:4  | Gained mutation: Armour fits poorly on your strangely shaped body. [potion of mutation]
121064 | Abyss:4  | Gained mutation: You passively map a small area around you. [potion of mutation]
121065 | Abyss:4  | Lost mutation: You passively map a small area around you. [potion of mutation]
121065 | Abyss:4  | Lost mutation: Armour fits poorly on your strangely shaped body. [potion of mutation]
121065 | Abyss:4  | Lost mutation: You are partially covered in slimy green scales. (AC +2) [potion of mutation]
121065 | Abyss:4  | Lost mutation: You possess an exceptional clarity of mind. [potion of mutation]
121065 | Abyss:4  | Gained mutation: You are dopey. (Int -2) [potion of mutation]
121065 | Abyss:4  | Gained mutation: You have razor-sharp toenails. [potion of mutation]
121066 | Abyss:4  | Lost mutation: You are dopey. (Int -2) [potion of mutation]
121066 | Abyss:4  | Lost mutation: You are clumsy. (Dex -2) [potion of mutation]
121066 | Abyss:4  | Gained mutation: Scrolls take you a little longer to read. [potion of mutation]
121066 | Abyss:4  | Gained mutation: You possess an exceptional clarity of mind. [potion of mutation]
121066 | Abyss:4  | Gained mutation: Armour fits poorly on your strangely shaped body. [potion of mutation]
121066 | Abyss:4  | Gained mutation: Your movements are slightly less encumbered by armour. (ER -2) [potion of mutation]
121067 | Abyss:4  | Lost mutation: Scrolls take you a little longer to read. [potion of mutation]
121067 | Abyss:4  | Lost mutation: Armour fits poorly on your strangely shaped body. [potion of mutation]
121067 | Abyss:4  | Lost mutation: You possess an exceptional clarity of mind. [potion of mutation]
121067 | Abyss:4  | Gained mutation: You are frail. (-10% HP) [potion of mutation]
121067 | Abyss:4  | Gained mutation: Your body sometimes deteriorates upon taking damage. [potion of mutation]
121067 | Abyss:4  | Gained mutation: You are agile. (Dex +2) [potion of mutation]
121068 | Abyss:4  | Lost mutation: You are agile. (Dex +2) [potion of mutation]
121068 | Abyss:4  | Lost mutation: Your body sometimes deteriorates upon taking damage. [potion of mutation]
121068 | Abyss:4  | Lost mutation: You are frail. (-10% HP) [potion of mutation]
121068 | Abyss:4  | Gained mutation: You have a somewhat thin skeletal structure. (Dex +2, Stealth) [potion of mutation]
121661 | Abyss:4  | Gained mutation: Scrolls take you a little longer to read. [a neqoxec]
121666 | Abyss:4  | Gained mutation: Your spells are a little easier to cast, but a little less powerful. [a neqoxec]
121715 | Abyss:4  | Reached skill level 27 in Armour
121785 | Abyss:5  | Entered Level 5 of the Abyss
122503 | Abyss:5  | Paralysed by accursed screaming for 2 turns
122516 | Abyss:5  | Paralysed by accursed screaming for 1 turns
122999 | Abyss:5  | Paralysed by accursed screaming for 1 turns
123233 | Abyss:5  | Paralysed by accursed screaming for 1 turns
123248 | Abyss:5  | Paralysed by accursed screaming for 1 turns
123253 | Abyss:5  | Paralysed by accursed screaming for 1 turns
123289 | Abyss:5  | Paralysed by accursed screaming for 2 turns
123299 | Abyss:5  | Paralysed by accursed screaming for 2 turns
123487 | Zig:24   | Escaped the Abyss
123520 | Zig:24   | Lost mutation: Scrolls take you a little longer to read. [potion of mutation]
123520 | Zig:24   | Lost mutation: Your movements are slightly less encumbered by armour. (ER -2) [potion of mutation]
123520 | Zig:24   | Gained mutation: Your muscles are strong. (Str +2) [potion of mutation]
123520 | Zig:24   | Gained mutation: You passively map a small area around you. [potion of mutation]
123520 | Zig:24   | Gained mutation: Your flesh is heat resistant. (rF+) [potion of mutation]
123538 | Zig:24   | Identified the ring "Ziqebru" {rF+ rC- Dex+4 Stlth+} (You found it on level 24 of a ziggurat)
123550 | Zig:24   | Learned a level 7 spell: Ring of Flames
123574 | Zig:25   | Entered Level 25 of a ziggurat
123621 | Zig:25   | Reached skill level 5 in Fire Magic
123791 | Zig:25   | Reached skill level 10 in Fire Magic
123852 | Zig:25   | Found the +8 orange crystal plate armour {Archmagi, Int+3 Clar}
123852 | Zig:25   | Found the ring of the Octopus King
123865 | Zig:25   | Got a ring of the Octopus King
123866 | Zig:25   | Identified a ring of the Octopus King {rC+ AC+1 EV+1 Str+1 Int+1 Dex+1} (You found it on level 25 of a ziggurat)
123871 | Zig:25   | Got an ancient iron ring
123872 | Zig:25   | Identified the ring "Ucyar" {MP+9 SInv} (You found it on level 25 of a ziggurat)
123878 | Zig:25   | Identified the ring "Adghug" {rCorr rF+ Dex-2 Slay+2} (You found it on level 25 of a ziggurat)
123907 | Zig:26   | Entered Level 26 of a ziggurat
123928 | Zig:26   | Noticed Lohyik the pandemonium lord
123931 | Zig:26   | Noticed Uva Axab the pandemonium lord
123932 | Zig:26   | Noticed Xinybawn the pandemonium lord
123937 | Zig:26   | Noticed Laimp the pandemonium lord
123937 | Zig:26   | Killed Lohyik the pandemonium lord
123944 | Zig:26   | Noticed Lyfifaje the pandemonium lord
123951 | Zig:26   | Noticed Ymobb the pandemonium lord
123954 | Zig:26   | Killed Uva Axab the pandemonium lord
123958 | Zig:26   | Noticed Otre the pandemonium lord
123968 | Zig:26   | Noticed Guoczal the pandemonium lord
123972 | Zig:26   | Killed Laimp the pandemonium lord
123974 | Zig:26   | Noticed Totuig the pandemonium lord
123974 | Zig:26   | Noticed Efuji the pandemonium lord
123974 | Zig:26   | Noticed Gurozuqi the pandemonium lord
123976 | Zig:26   | Noticed Yrhak the pandemonium lord
123976 | Zig:26   | Killed Lyfifaje the pandemonium lord
123980 | Zig:26   | Noticed Jeyfesap the pandemonium lord
123984 | Zig:26   | Noticed Osoinot the pandemonium lord
123988 | Zig:26   | Killed Xinybawn the pandemonium lord
123993 | Zig:26   | Killed Ymobb the pandemonium lord
123996 | Zig:26   | Noticed Xupomuonk the pandemonium lord
124008 | Zig:26   | Killed Jeyfesap the pandemonium lord
124010 | Zig:26   | Noticed Guck the pandemonium lord
124014 | Zig:26   | Killed Otre the pandemonium lord
124024 | Zig:26   | Noticed Goikhlik the pandemonium lord
124025 | Zig:26   | Killed Efuji the pandemonium lord
124030 | Zig:26   | Killed Osoinot the pandemonium lord
124043 | Zig:26   | Killed Gurozuqi the pandemonium lord
124051 | Zig:26   | Killed Xupomuonk the pandemonium lord
124065 | Zig:26   | Killed Guck the pandemonium lord
124071 | Zig:26   | Killed Totuig the pandemonium lord
124080 | Zig:26   | Killed Guoczal the pandemonium lord
124091 | Zig:26   | Killed Yrhak the pandemonium lord
124093 | Zig:26   | Killed Goikhlik the pandemonium lord
124201 | Zig:26   | Identified the Handbook of Enthralling Dislocation
124209 | Zig:27   | Entered Level 27 of a ziggurat
124215 | Zig:27   | Noticed Miyamura's ghost (legendary DsWn)
124277 | Zig:27   | Killed Miyamura's ghost
124340 | Zig:27   | Paralysed by accursed screaming for 2 turns
124392 | Zig:27   | Paralysed by accursed screaming for 2 turns
124400 | Zig:27   | Paralysed by accursed screaming for 2 turns
124411 | Zig:27   | Paralysed by accursed screaming for 2 turns
124421 | Zig:27   | Paralysed by accursed screaming for 2 turns
124446 | Zig:27   | Paralysed by accursed screaming for 2 turns
124479 | Zig:27   | Identified the amulet "Asih" {RegenMP *Contam rElec rF+ rC+ rN+} (You found it on level 27 of a ziggurat)
125327 | Zig:1    | Entered Level 1 of a ziggurat
125348 | Zig:2    | Entered Level 2 of a ziggurat
125381 | Zig:3    | Entered Level 3 of a ziggurat
125422 | Zig:4    | Entered Level 4 of a ziggurat
125470 | Zig:5    | Entered Level 5 of a ziggurat
125479 | Zig:5    | Found the +7 great mace "Firestarter" {inner flame, rF++}
125517 | Zig:6    | Entered Level 6 of a ziggurat
125555 | Zig:6    | Got a brightly glowing copper ring
125564 | Zig:6    | Identified the Incunabulum of the Aerial Frostbite
125592 | Zig:7    | Entered Level 7 of a ziggurat
125662 | Zig:8    | Entered Level 8 of a ziggurat
125670 | Zig:8    | Noticed an ancient lich
125673 | Zig:8    | Killed an ancient lich
125713 | Zig:8    | Got a slimy glass ring
125722 | Zig:8    | Identified the cursed ring of Gixemmah {rC+ AC-2 Str+3} (You found it on level 6 of a ziggurat)
125723 | Zig:8    | Identified the ring "Siawko" {*Corrode rElec rC+++ AC+1 Dex+2} (You found it on level 8 of a ziggurat)
125727 | Zig:9    | Entered Level 9 of a ziggurat
125804 | Zig:9    | Identified Zemevaj's Disquisition on Cold
125833 | Zig:10   | Entered Level 10 of a ziggurat
125842 | Zig:10   | Paralysed by accursed screaming for 1 turns
125851 | Zig:10   | Paralysed by accursed screaming for 2 turns
125864 | Zig:10   | Paralysed by accursed screaming for 2 turns
125876 | Zig:10   | Paralysed by accursed screaming for 2 turns
125894 | Zig:10   | Paralysed by accursed screaming for 2 turns
125905 | Zig:10   | Paralysed by accursed screaming for 2 turns
125925 | Zig:10   | Paralysed by accursed screaming for 1 turns
125996 | Zig:10   | Got a wavering wooden ring
126004 | Zig:10   | Identified the Volume of Good Luck
126007 | Zig:10   | Identified the ring "Qawkujun" {+Inv +Fly rF+ Str-4} (You found it on level 10 of a ziggurat)
126010 | Zig:11   | Entered Level 11 of a ziggurat
126116 | Zig:12   | Entered Level 12 of a ziggurat
126124 | Zig:12   | Noticed a greater mummy
126127 | Zig:12   | Noticed a greater mummy
126130 | Zig:12   | Noticed a greater mummy
126147 | Zig:12   | Killed a greater mummy
126155 | Zig:12   | Killed a greater mummy
126220 | Zig:12   | Killed a greater mummy
126307 | Zig:12   | Got a clouded silver ring
126318 | Zig:12   | Identified the ring "Unouz" {rN+ Str+5 Int+2 Stlth-} (You found it on level 12 of a ziggurat)
126321 | Zig:13   | Entered Level 13 of a ziggurat
126430 | Zig:13   | Got a heavily runed lapis lazuli ring
126443 | Zig:13   | Identified the ring "Tyabuk" {+Blink MR+} (You found it on level 13 of a ziggurat)
126445 | Zig:14   | Entered Level 14 of a ziggurat
126460 | Zig:14   | Found the +10 Black Knight's horse barding {ponderous, rPois rN+}
126535 | Zig:14   | Paralysed by accursed screaming for 2 turns
126546 | Zig:14   | Paralysed by accursed screaming for 2 turns
126559 | Zig:14   | Paralysed by accursed screaming for 2 turns
126574 | Zig:14   | Paralysed by accursed screaming for 2 turns
126585 | Zig:14   | Paralysed by accursed screaming for 2 turns
126595 | Zig:14   | Paralysed by accursed screaming for 1 turns
126631 | Zig:14   | Got a warped lapis lazuli ring
126643 | Zig:14   | Identified the ring of the Swan {Fire MR++ Dex+3 Stlth+} (You found it on level 14 of a ziggurat)
126646 | Zig:15   | Entered Level 15 of a ziggurat
126830 | Zig:15   | Identified the ring of the Rabble {rPois rC- MR+ Dex+2} (You found it on level 15 of a ziggurat)
128601 | Zig:16   | Entered Level 16 of a ziggurat
128841 | Zig:16   | Cast into level 5 of the Abyss (a distortion unwield)
128841 | Abyss:5  | Entered Level 5 of the Abyss
129050 | Abyss:5  | Got a pitted platinum ring
129051 | Abyss:5  | Identified the ring "Weelag" {rElec rPois rF+ MP+9} (You found it on level 5 of the Abyss)
129055 | Abyss:5  | Paralysed by a floating eye for 4 turns
129065 | Abyss:5  | Paralysed by a floating eye for 2 turns
129316 | Abyss:5  | Found a corrupted altar of Lugonu.
130089 | Zig:16   | Escaped the Abyss
130099 | Zig:16   | Lost mutation: You passively map a small area around you. [potion of mutation]
130099 | Zig:16   | Lost mutation: Your muscles are strong. (Str +2) [potion of mutation]
130099 | Zig:16   | Gained mutation: You are dopey. (Int -2) [potion of mutation]
130099 | Zig:16   | Lost mutation: You have razor-sharp toenails. [potion of mutation]
130099 | Zig:16   | Gained mutation: You are agile. (Dex +2) [potion of mutation]
130100 | Zig:16   | Lost mutation: You are dopey. (Int -2) [potion of mutation]
130100 | Zig:16   | Lost mutation: Your spells are a little easier to cast, but a little less powerful. [potion of mutation]
130100 | Zig:16   | Gained mutation: Scrolls take you a little longer to read. [potion of mutation]
130100 | Zig:16   | Gained mutation: Your system is resistant to poisons. (rPois) [potion of mutation]
130101 | Zig:16   | Lost mutation: Scrolls take you a little longer to read. [potion of mutation]
130101 | Zig:16   | Lost mutation: Your flesh is heat resistant. (rF+) [potion of mutation]
130101 | Zig:16   | Gained mutation: Your flesh is heat resistant. (rF+) [potion of mutation]
130108 | Zig:17   | Entered Level 17 of a ziggurat
130288 | Zig:17   | Got a glittering marble ring
130300 | Zig:17   | Identified the ring "Giatach" {Wiz rF- MR++ Int+4} (You found it on level 17 of a ziggurat)
130303 | Zig:18   | Entered Level 18 of a ziggurat
130341 | Zig:18   | Noticed Refecw the pandemonium lord
130392 | Zig:18   | Killed Refecw the pandemonium lord
130441 | Zig:18   | Cast into level 2 of the Abyss (reaper)
130583 | Zig:18   | Escaped the Abyss
130612 | Zig:18   | Identified the ring of Daisies {Fire Int+4} (You found it on level 18 of a ziggurat)
130615 | Zig:18   | Identified the cursed +0 pair of boots "Tyckiuto" {rPois rF+++ Str-4 Int-3} (You found it on level 18 of a ziggurat)
130641 | Zig:18   | Upgraded the game from 0.21.0-3-g78d12a8 to 0.21.0-22-g11d5b52
130666 | Zig:19   | Entered Level 19 of a ziggurat
130839 | Zig:19   | Got a flickering bone ring
130845 | Zig:19   | Got a wavering marble ring
130849 | Zig:19   | Identified the ring of False Pretenses {rC- MR+ Str+3 Dex+2} (You found it on level 19 of a ziggurat)
130851 | Zig:19   | Identified the ring of Zeteta {rF+ rN+ Stlth-} (You found it on level 19 of a ziggurat)
130853 | Zig:19   | Got a bound lead ring
130854 | Zig:19   | Identified the ring "Dyq Rim" {Fire Str+3} (You found it on level 19 of a ziggurat)
130881 | Zig:20   | Entered Level 20 of a ziggurat
131143 | Zig:20   | Got a scorched glass ring
131146 | Zig:20   | Got a flickering bronze amulet
131151 | Zig:20   | Identified the +3 ice dragon scales of Ennui {rF- rC++ Int+3 Dex+2 Stlth-} (You found it on level 20 of a ziggurat)
131159 | Zig:20   | Identified the ring "Xearhu" {rF++ Str+4 Dex-3 Stlth-} (You found it on level 20 of a ziggurat)
131161 | Zig:20   | Identified the amulet of Sagaeng {Harm *Drain rPois rC+ Str+3 Stlth-} (You found it on level 20 of a ziggurat)
131165 | Zig:21   | Entered Level 21 of a ziggurat
131183 | Zig:21   | Noticed Godemoit the pandemonium lord
131201 | Zig:21   | HP: 9/189 [Godemoit the pandemonium lord (1)]
131202 | Zig:21   | HP: 4/189 [balrug/divine providence (6)]
131202 | Zig:21   | Killed from afar by a balrug

Skill      XL: |  1  2  3  4  5  6  7  8  9 10 11 12 13 14 15 16 17 18 19 20 21 22 23 24 25 26 27 |
---------------+----------------------------------------------------------------------------------+-----
Conjurations   | 2 3 4 |  4.7
Fire Magic     | 1 2 10 | 10.9
Air Magic      | 1 2 3 4 6 12 | 12.4
Poison Magic   | 1 2 |  2.0
Translocations | 2 5 6 |  6.1
Armour         | 1 2 4 5 7 8 9 10 11 13 14 27 | 27.0
Spellcasting   | 5 7 8 9 10 11 13 14 27 | 27.0
Fighting       | 2 4 6 7 8 10 11 12 13 14 15 27 | 27.0
Dodging        | 3 4 6 7 8 9 23 | 23.7
Unarmed Combat | 4 10 13 15 16 17 18 19 20 21 22 23 24 25 27 | 27.0
Hexes          | 2 6 |  6.8
Charms         | 3 7 8 24 | 24.0
Necromancy     | 2 4 6 27 | 27.0
Shields        | 4 7 9 12 15 25 | 25.9
Transmutations | 8 25 | 25.0
Evocations     | 12 | 12.3
Earth Magic    | 8 |  8.0
Stealth        | 15 | 15.9
Invocations    | 13 | 13.7
Summonings     | |  1.0

Action                   |  1- 3 |  4- 6 |  7- 9 | 10-12 | 13-15 | 16-18 | 19-21 | 22-24 | 25-27 || total
-------------------------+-------+-------+-------+-------+-------+-------+-------+-------+-------++-------
Melee: Short sword       |    18 |    83 |   363 |    73 |       |       |       |       |       ||   537
       Bite              |     4 |    17 |    97 |   240 |   441 |   410 |   498 |   631 |  9423 || 11761
       Unarmed           |       |       |       |   677 |  1475 |  1035 |  1261 |  1507 | 17764 || 23719
       Punch             |       |       |       |    28 |    99 |   135 |       |       |       ||   262
       Staff             |       |       |       |       |       |       |       |       |     1 ||     1
 Fire: Blowgun           |       |       |       |       |       |       |       |       |     2 ||     2
Throw: Throwing net      |       |     1 |       |     1 |     2 |       |     2 |     1 |     1 ||     8
 Cast: Magic Dart        |    15 |    54 |   111 |    14 |       |       |     1 |       |       ||   195
       Mephitic Cloud    |       |     2 |    18 |    48 |    63 |    78 |    37 |     6 |    15 ||   267
       Conjure Flame     |       |     1 |     8 |    53 |    69 |    26 |    20 |    38 |    12 ||   227
       Blink             |       |       |     8 |    31 |    24 |    31 |     5 |     7 |   146 ||   252
       Song of Slaying   |       |       |       |       |     4 |     4 |    17 |    38 |   255 ||   318
       Confusing Touch   |       |       |       |       |     1 |       |       |       |       ||     1
       Shroud of Golubri |       |       |       |       |     3 |       |       |     1 |     2 ||     6
       Ignite Poison     |       |       |       |       |       |       |     2 |       |     5 ||     7
       Regeneration      |       |       |       |       |       |       |       |    10 |   265 ||   275
       Call Imp          |       |       |       |       |       |       |       |       |     1 ||     1
       Necromutation     |       |       |       |       |       |       |       |       |   412 ||   412
       Deflect Missiles  |       |       |       |       |       |       |       |       |    52 ||    52
       Lee's Rapid Decon |       |       |       |       |       |       |       |       |    29 ||    29
       Silence           |       |       |       |       |       |       |       |       |    16 ||    16
       Swiftness         |       |       |       |       |       |       |       |       |     7 ||     7
       Dragon Form       |       |       |       |       |       |       |       |       |     1 ||     1
Invok: Call Merchant     |       |       |       |     3 |     3 |     3 |     2 |     3 |    12 ||    26
       Potion Petition   |       |       |       |       |       |       |       |       |     2 ||     2
       Renounce Religion |       |       |       |       |       |       |       |       |     1 ||     1
 Abil: End Transformatio |       |       |       |       |       |       |       |       |    21 ||    21
Evoke: Wand              |       |       |       |     3 |    27 |    15 |    16 |     4 |    44 ||   109
       Box of beasts     |       |       |       |       |       |     2 |       |       |     4 ||     6
       Lamp of fire      |       |       |       |       |       |       |       |       |     1 ||     1
       Figurine of a zig |       |       |       |       |       |       |       |       |     1 ||     1
  Use: Scroll            |       |       |       |    11 |    16 |    16 |     9 |     6 |   140 ||   198
       Potion            |       |       |       |       |       |     2 |       |     1 |    62 ||    65
 Stab: Sleeping          |     1 |       |     1 |       |     5 |       |       |       |       ||     7
       Confused          |       |       |     4 |    33 |    35 |    47 |    13 |     3 |    13 ||   148
       Distracted        |       |       |     1 |     2 |    12 |    12 |     7 |    15 |   124 ||   173
       Petrified         |       |       |       |       |     6 |       |       |       |     2 ||     8
       Petrifying        |       |       |       |       |     3 |       |       |       |     2 ||     5
       Held in net/web   |       |       |       |       |       |     3 |       |     1 |       ||     4
       Paralysed         |       |       |       |       |       |       |       |       |     1 ||     1
       Invisible         |       |       |       |       |       |       |       |       |     4 ||     4
  Eat: Chunk             |       |     1 |       |       |       |       |       |       |       ||     1
       Ration            |       |     1 |     4 |     6 |    10 |    10 |    10 |    12 |    51 ||   104
Armor: Robe              |     6 |     3 |       |       |       |       |       |       |       ||     9
       Ring mail         |       |    14 |   126 |    99 |       |       |       |       |       ||   239
       Leather armour    |       |       |       |    71 |   219 |       |       |       |       ||   290
       Scale mail        |       |       |       |       |   227 |   563 |   234 |   130 |    14 ||  1168
       Plate armour      |       |       |       |       |       |       |    28 |   134 |  2642 ||  2804
       Crystal plate arm |       |       |       |       |       |       |       |       |  6973 ||  6973
Dodge: Dodged            |    17 |    47 |   189 |   354 |   739 |   533 |   374 |   410 |  9184 || 11847
       Deflected         |       |       |       |       |       |       |       |       |   343 ||   343
Block: Other             |       |       |       |       |       |    52 |       |       |       ||    52
       Reflection        |       |       |       |       |       |     3 |       |     4 |    81 ||    88
       Buckler           |       |       |       |       |       |       |   192 |   239 |       ||   431
       Shield            |       |       |       |       |       |       |       |   179 | 13955 || 14134
